 Dungeon Crawl Stone Soup version 0.17.0-9-g801d43b (webtiles) character file.

13897415 alpinistek the Archmage (level 27, 298/298 HPs)
             Began as a Demonspawn Fire Elementalist on Nov 7, 2015.
             Was the Champion of Vehumet.
             Escaped with the Orb
             ... and 15 runes on Nov 10, 2015!
             The game lasted 15:18:27 (119849 turns).

alpinistek the Archmage (DsFE)                    Turns: 119849, Time: 15:18:28

Health: 298/298    AC: 14    Str:  6      XL:     27
Magic:  62/90      EV: 35    Int: 43 (45) God:    Vehumet [******]
Gold:   10543      SH: 16    Dex: 21      Spells: 10 memorised, 5 levels left

rFire  + + +     SeeInvis +     F - +6 shillelagh "Devastator" {shatter}
rCold  + . .     Clarity  +     l - +3 robe of Folly {Archmagi, MR-- Int+5 *Curse} (curse)
rNeg   + + .     SustAt   .     q - -2 shield "Anet" {rElec MR+ MP+9 Int+4}
rPois  +         Gourm    .     (helmet unavailable)
rElec  +         Spirit   .     R - +0 cloak of Love and Death {*Corrode rF+ rN++ Dex+2}
rCorr  .         Warding  .     E - +1 pair of gloves of Mezcal {+Blink Regen+ Str-3 SInv}
rMut   +         Stasis   .     I - -5 pair of boots of Analysis {+Fly rElec rPois MP+9}
MR     ++++.                    W - amulet of Goluzu {rMut +Inv MP+9 Str+3 Dex+2}
Stlth  ++........               Y - ring "Fuwuix" {rF+ MP+9}
                                K - ring of the Mage {Wiz MR++ Int+3}

@: contaminated, hasted (expiring), glowing, very quick, incredibly resistant to
hostile enchantments, unstealthy
A: antennae 3, fangs 1, talons 1, molten scales 3, camouflage 1, clarity, clever
1, cold resistance 1, fire resistance 1, magic resistance 1, passive freeze,
poison resistance, powered by death 3, robust 2, spiny 3, spit poison 1, strong
1, evolution 1, freezing cloud immunity
a: Spit Poison, Renounce Religion, Evoke Blink, Evoke Invisibility, Evoke Flight
0: Orb of Zot
}: 15/15 runes: serpentine, barnacled, slimy, silver, golden, iron, obsidian,
icy, bone, abyssal, demonic, glowing, magical, fiery, dark


You escaped.
You worshipped Vehumet.
Vehumet was exalted by your worship.
You were not hungry.

You visited 18 branches of the dungeon, and saw 94 of its levels.
You visited Pandemonium 2 times, and saw 47 of its levels.
You visited the Abyss 1 time.
You completed 4 ziggurats, and saw 108 of their levels.
You also visited: Trove, Sewer, Ossuary, Ice Cave and Wizlab.

You collected 19121 gold pieces.
You spent 5569 gold pieces at shops.

Inventory:

Hand Weapons
 b - the +12 Glaive of Prune {chop}
   (You found it on level 19 of a ziggurat)

   It inflicts extra damage upon your enemies.
 c - the +6 Sword of Cerebov {flame}
   (You took it off Cerebov in Pandemonium)

   It has been specially enchanted to burn those struck by it, causing extra
   injury to most foes and up to half again as much damage against particularly
   susceptible opponents.
   Big, fiery blades are also staple armaments of hydra-hunters.
 d - the +8 trident of the Octopus King {venom, rElec rPois MR+}
   (You found it on level 20 of a ziggurat)

   It poisons the flesh of those it strikes.
   It insulates you from electricity.
   It protects you from poison.
   It affects your resistance to hostile enchantments.
 e - the +10 dark maul {crush}
   (You found it on level 21 of a ziggurat)

   It inflicts extra damage upon your enemies.
 h - the +8 Wrath of Trog {antimagic, *Rage}
   (You found it on level 24 of a ziggurat)

   It disrupts the flow of magical energy around spellcasters and certain
   magical creatures (including the wielder).
   It may make you go berserk in combat.
 i - the cursed +13 Scythe of Curses {drain, *Curse}
   (You found it on level 20 of a ziggurat)

   A truly terrible weapon, it drains the life of those it strikes.
   It may re-curse itself when equipped.
   It has a curse placed upon it.
 k - the +8 storm bow {elec}
   (You found it on level 3 of a ziggurat)

   It charges the ammunition it shoots with electricity; occasionally upon a
   hit, such missiles may discharge and cause terrible harm.
 n - the +8 demon blade "Leech" {vamp, rN+ AC-2 EV-2 Str-2 Int-2 Dex-2}
   (You found it on level 25 of a ziggurat)

   It inflicts no extra harm, but heals its wielder somewhat when it strikes a
   living foe.
   It affects your AC (-2).
   It affects your evasion (-2).
   It affects your strength (-2).
   It affects your intelligence (-2).
   It affects your dexterity (-2).
   It protects you from negative energy.
 u - the +7 Sceptre of Asmodeus
   (You took it off Asmodeus on level 7 of Gehenna)
 v - the +7 Sceptre of Torment
   (You found it on level 7 of Gehenna)
 w - the +9 Staff of Wucad Mu {channel}
   (You found it on level 27 of a ziggurat)
 y - the +14 plutonium sword {*Contam Stlth-}
   (You found it on level 27 of a ziggurat)

   It causes magical contamination when unequipped.
   It makes you less stealthy.
 z - the +0 Staff of Olgreb {rPois}
   (You found it on level 17 of a ziggurat)

   It protects you from poison.
 A - the +4 Staff of Dispater
   (You took it off Dispater on level 7 of the Iron City of Dis)
 C - the +3 Elemental Staff {rElec rF++ rC++ MR++ AC+5}
   (You found it on level 6 of the Pits of Slime)

   It affects your AC (+5).
   It greatly protects you from fire.
   It greatly protects you from cold.
   It insulates you from electricity.
   It affects your resistance to hostile enchantments.
 F - the +6 shillelagh "Devastator" (weapon) {shatter}
   (You found it on level 27 of a ziggurat)
 L - the +8 whip "Snakebite" {curare, rPois}
   (You found it on level 10 of a ziggurat)

   It poisons the flesh of those it strikes.
   It protects you from poison.
 M - the +8 lance "Wyrmbane" {slay drac, +Rage rPois rF+ AC+5}
   (You found it on level 13 of a ziggurat)

   It affects your AC (+5).
   It protects you from fire.
   It protects you from poison.
   It lets you go berserk.
 P - the +5 pair of quick blades "Gyre" and "Gimble" {pierce, Dex-3}
   (You found it on level 21 of a ziggurat)

   It inflicts extra damage upon your enemies.
   It affects your dexterity (-3).
 U - the +7 longbow "Piercer" {penet, EV-2}
   (You found it on level 27 of a ziggurat)

   Ammo fired by it will pass through the targets it hits, potentially hitting
   all targets in its path until it reaches maximum range.
   It affects your evasion (-2).
 X - the +11 morningstar "Eos" {elec, -Tele rElec SInv}
   (You found it on level 19 of a ziggurat)

   Occasionally, upon striking a foe, it will discharge some electrical energy
   and cause terrible harm.
   It insulates you from electricity.
   It lets you see invisible.
   It prevents most forms of teleportation.
 Z - the +7 great mace "Undeadhunter" {disrupt, rN+}
   (You found it on level 16 of a ziggurat)

   It protects you from negative energy.
Armour
 g - the +3 pair of gauntlets of War {Slay+5}
   (You found it on level 20 of a ziggurat)

   It affects your accuracy and damage with ranged weapons and melee attacks
   (+5).
 j - the +2 pair of boots of the Assassin {DetectMon Stab+ Stlth++}
   (You found it on level 22 of a ziggurat)

   It makes you much more stealthy.
 l - the cursed +3 robe of Folly (worn) {Archmagi, MR-- Int+5 *Curse}
   (You found it on level 27 of a ziggurat)

   It affects your intelligence (+5).
   It affects your resistance to hostile enchantments.
   It may re-curse itself when equipped.
   It has a curse placed upon it.
 q - the -2 shield "Anet" (worn) {rElec MR+ MP+9 Int+4}
   (You acquired it on level 5 of a ziggurat)

   It affects your intelligence (+4).
   It insulates you from electricity.
   It affects your resistance to hostile enchantments.
   It affects your magic capacity (+9).
 r - the +1 robe of Oblivion {Int+7 Stlth+}
   (You bought it in a shop on level 7 of the Dungeon)

   It affects your intelligence (+7).
   It makes you more stealthy.
 t - the +2 cloak of the Thief {+Fog Slay-2 SInv Stlth+}
   (You found it on level 23 of a ziggurat)

   It affects your accuracy and damage with ranged weapons and melee attacks
   (-2).
   It lets you see invisible.
   It can be evoked to emit clouds of fog.
   It makes you more stealthy.
 x - the -2 hat of the Alchemist {rElec rPois rF+ rC+ rN+ MR+ rMut rCorr}
   (You found it on level 22 of a ziggurat)

   It protects you from fire.
   It protects you from cold.
   It insulates you from electricity.
   It protects you from poison.
   It protects you from negative energy.
   It affects your resistance to hostile enchantments.
   It protects you from acid and corrosion.
   It protects you from mutation.
 D - the +27 Lear's hauberk
   (You found it on level 5 of the Vaults)
 E - the +1 pair of gloves of Mezcal (worn) {+Blink Regen+ Str-3 SInv}
   (You found it on level 20 of a ziggurat)

   It affects your strength (-3).
   It lets you see invisible.
   It lets you blink.
   It increases your rate of regeneration.
 G - the +1 troll leather armour of Ladders and Snakes {MR+ Regen+ Int+3}
   (You took it off Dispater on level 7 of the Iron City of Dis)

   It affects your intelligence (+3).
   It affects your resistance to hostile enchantments.
   It increases your rate of regeneration.
 I - the -5 pair of boots of Analysis (worn) {+Fly rElec rPois MP+9}
   (You acquired it on level 19 of a ziggurat)

   It insulates you from electricity.
   It protects you from poison.
   It affects your magic capacity (+9).
   It lets you fly.
 R - the +0 cloak of Love and Death (worn) {*Corrode rF+ rN++ Dex+2}
   (You found it on level 2 of the Lair of Beasts)

   It affects your dexterity (+2).
   It protects you from fire.
   It greatly protects you from negative energy.
   It may corrode your equipment when you take damage.
 S - the +18 shield of the gong {rElec rN+ MR+ EV-5}
   (You found it on level 3 of the Tomb of the Ancients)

   It affects your evasion (-5).
   It insulates you from electricity.
   It protects you from negative energy.
   It affects your resistance to hostile enchantments.
Magical Staves
 T - an uncursed staff of conjuration
Jewellery
 a - the ring of Robustness {AC+8}
   (You found it on level 23 of a ziggurat)

   [ring of protection]

   It affects your AC (+8).
 o - the amulet of Cekugob {Ward -Tele rElec rPois rN++ AC+1 EV+1}
   (You took it off a deep elf mage on level 3 of the Elven Halls)

   [amulet of warding]

   It may prevent the melee attacks of summoned creatures.
   It affects your AC (+1).
   It affects your evasion (+1).
   It insulates you from electricity.
   It protects you from poison.
   It greatly protects you from negative energy.
   It prevents most forms of teleportation.
 p - the cursed necklace of Bloodlust {*Rage +Rage MR+ Str+2 Int-2 Slay+3 *Curse}
   (You found it on level 23 of a ziggurat)

   [amulet of rage]

   It affects your strength (+2).
   It affects your intelligence (-2).
   It affects your accuracy and damage with ranged weapons and melee attacks
   (+3).
   It affects your resistance to hostile enchantments.
   It lets you go berserk.
   It may make you go berserk in combat.
   It may re-curse itself when equipped.
   It has a curse placed upon it.
 s - the amulet of the Four Winds {Clar rN+ MR+++}
   (You found it on level 24 of a ziggurat)

   [amulet of clarity]

   It provides mental clarity.
   It protects you from negative energy.
   It affects your resistance to hostile enchantments.
 B - the ring of Shaolin {EV+8}
   (You found it on level 6 of a ziggurat)

   [ring of evasion]

   It affects your evasion (+8).
 K - the ring of the Mage (left hand) {Wiz MR++ Int+3}
   (You found it on level 15 of a ziggurat)

   [ring of wizardry]

   It improves your spell success rate.
   It affects your intelligence (+3).
   It affects your resistance to hostile enchantments.
 N - the amulet "Meurgh" {Stasis rElec Slay-2 Stlth+}
   (You found it on level 2 of the Abyss)

   [amulet of stasis]

   It prevents you from being teleported, slowed, hasted or paralysed.
   It affects your accuracy and damage with ranged weapons and melee attacks
   (-2).
   It insulates you from electricity.
   It makes you more stealthy.
 O - the brooch of Shielding {Ward rN+ AC+4 EV+4}
   (You found it on level 24 of a ziggurat)

   [amulet of warding]

   It may prevent the melee attacks of summoned creatures.
   It affects your AC (+4).
   It affects your evasion (+4).
   It protects you from negative energy.
 Q - the ring of Kamujaito {SustAt rPois MR+ Int+2}
   (You found it on level 24 of a ziggurat)

   [ring of sustain attributes]

   It sustains your strength, intelligence and dexterity.
   It affects your intelligence (+2).
   It protects you from poison.
   It affects your resistance to hostile enchantments.
 W - the amulet of Goluzu (around neck) {rMut +Inv MP+9 Str+3 Dex+2}
   (You found it on level 12 of a ziggurat)

   [amulet of resist mutation]

   It protects you from mutation.
   It affects your strength (+3).
   It affects your dexterity (+2).
   It affects your magic capacity (+9).
   It lets you turn invisible.
 Y - the ring "Fuwuix" (right hand) {rF+ MP+9}
   (You found it on level 27 of a ziggurat)

   [ring of magical power]

   It protects you from fire.
   It affects your magic capacity (+9).
Wands
 f - a wand of heal wounds (7)
 m - a wand of teleportation (9)
Books
 H - an Akashic Record

   Spells                             Type                      Level
   a - Dispersal                      Translocation                6
   b - Malign Gateway                 Summoning/Translocation      7
   c - Disjunction                    Translocation                8
   d - Controlled Blink               Translocation                8
 J - a Necronomicon

   Spells                             Type                      Level
   a - Haunt                          Necromancy/Summoning         7
   b - Borgnjor's Revivification      Necromancy                   8
   c - Death's Door                   Charms/Necromancy            8
   d - Necromutation                  Transmutation/Necromancy     8
 V - a book of Annihilations

   Spells                             Type                      Level
   a - Poison Arrow                   Conjuration/Poison           6
   b - Chain Lightning                Conjuration/Air              8
   c - Lehudib's Crystal Spear        Conjuration/Earth            8
   d - Glaciate                       Conjuration/Ice              9
   e - Fire Storm                     Conjuration/Fire             9


   Skills:
 O Level 27 Fighting
 - Level 3.1 Short Blades
 O Level 27 Axes
 + Level 14.4(27) Maces & Flails
 O Level 27 Staves
 - Level 7.6 Bows
   Level 12.8 Crossbows
 O Level 27 Throwing
 O Level 27 Armour
 O Level 27 Dodging
 O Level 27 Stealth
 O Level 27 Shields
 - Level 23.6 Unarmed Combat
 O Level 27 Spellcasting
 O Level 27 Conjurations
 - Level 20.0 Hexes
 O Level 27 Charms
   Level 5.0 Summonings
 O Level 27 Necromancy
 - Level 15.9 Translocations
 O Level 27 Transmutations
 O Level 27 Fire Magic
 O Level 27 Ice Magic
 O Level 27 Air Magic
 O Level 27 Earth Magic
   Level 8.0 Poison Magic
 O Level 27 Evocations


You had 5 spell levels left.
You knew the following spells:

 Your Spells              Type           Power        Failure   Level  Hunger
a - Glaciate              Conj/Ice       #########.   1%          9    None
b - Fire Storm            Conj/Fire      #########.   1%          9    None
c - Necromutation         Trmt/Necr      #########.   1%          8    None
d - Haste                 Chrm           ########     0%          6    None
e - Discord               Hex            ########..   1%          8    None
f - Controlled Blink      Tloc           N/A          1%          8    None
h - Tornado               Air            #########.   1%          9    None
i - Borgnjor's Revivific  Necr           #########.   1%          8    None
j - Death's Door          Chrm/Necr      #########.   1%          8    None
k - Sublimation of Blood  Necr           #########.   0%          2    None


Dungeon Overview and Level Annotations

Branches:
Dungeon (15/15)            Temple (1/1) D:4            Lair (8/8) D:10
 Shoals (4/4) Lair:5        Snake (4/4) Lair:3        Slime (6/6) Lair:7
    Orc (4/4) D:11            Elf (3/3) Orc:3        Vaults (5/5) D:14
  Crypt (3/3) Vaults:2       Tomb (3/3) Crypt:3      Depths (5/5) D:15
   Hell (1/1)                 Dis (7/7) Hell            Geh (7/7) Hell
    Coc (7/7) Hell            Tar (7/7) Hell            Zot (5/5) Depths:5

Altars:
Ashenzari
Cheibriados
Dithmenos
Elyvilon
Fedhas
Gozag
Kikubaaqudgha
Makhleb
Nemelex Xobeh
Okawaru
Qazlal
Ru
Sif Muna
Trog
Vehumet
Xom
Yredelemnul
Zin
The Shining One
Beogh
Jiyva

Shops:
D:7 [   D:9 [   D:11 *   Orc:1 !   Orc:4 (:(*!   Elf:1 (%:!   Elf:3 [
Snake:1 }   Snake:2 ((*   Depths:1 *

Portals:
Hell: Depths:1 Depths:2 Depths:3 Depths:4 Depths:5
Abyss: Depths:1 Depths:4 Depths:5
Pandemonium: Orc:4 Depths:3
Ziggurat: Depths:1


Innate Abilities, Weirdness & Mutations

You have a pair of large antennae on your head (SInv).
You are completely covered in molten scales (AC +4, EV -1, rF+).
Your flesh is cold resistant.
A frigid envelope surrounds you and freezes all who hurt you.
You regenerate a lot of health from kills.
You are completely covered in sharp spines.
You are immune to freezing clouds.
You have very sharp teeth.
You have sharp toenails.
Your skin changes colour to match your surroundings (Stealth).
You possess an exceptional clarity of mind.
Your mind is acute. (Int +2)
Your flesh is heat resistant.
You are resistant to hostile enchantments.
Your system is resistant to poisons.
You are very robust (+20% HP).
You can spit weak poison.
Your muscles are strong. (Str +2)
You evolve.


Message History

You kill the worker ant!
The worker ant's corpse disappears in a puff of smoke!
The great icy blast engulfs Qamemunu.
Qamemunu partially resists.
Qamemunu is frozen into a solid block of ice!
You kill Qamemunu!
Vehumet accepts your kill.
The great icy blast engulfs the killer bee.
You kill the killer bee!
The killer bee's corpse disappears in a puff of smoke!
The great icy blast engulfs the worker ant.
The worker ant is frozen into a solid block of ice!
You kill the worker ant!
The worker ant's corpse disappears in a puff of smoke!
The great icy blast engulfs the vampire mosquito.
You destroy the vampire mosquito!
The vampire mosquito's corpse disappears in a puff of smoke!
Your extra speed is starting to run out.
A blue devil comes into view.
There is a staircase leading out of the dungeon here.
You have escaped!

#......# .### #..# #......#
####...## #..# #......#
###..(4...## #..# #......#
##..........# #..## #.'#####
##.##...###.#. #..## ###.#
#.##.{##.###.# #...# #.#
#.#.#####.##§# #.#.. #.##
##.### ##§#8###..... ##.##
#.#.@# ##8§§.......#
##.###.##### ##§§##.###...#
##...## ##§§###(.##....
#######..######.§###.##.#>..)
#.....###......####.## .....
#.......#####.##...## #....
#.....##........#### #....
#.....#####.#############....
#)#####.....................#


There were no monsters in sight!

Vanquished Creatures
  Cerebov (Pan)
  Asmodeus (Geh:7)
  the royal jelly (Slime:6)
  Ereshkigal (Tar:7)
  Ignacio (Pan)
  Gloorx Vloq (Pan)
  the Serpent of Hell (Tar:7)
  Mnoleg (Pan)
  2 seraphim
  Lom Lobon (Pan)
  Dispater (Dis:7)
  65 ancient liches
  Khufu (Tomb:3)
  20 orbs of fire
  Mara (Tomb:3)
  Mennas (Crypt:2)
  114 pandemonium lords
  A juggernaut (shapeshifter) (Zig:24)
  2 juggernauts (Zig:14)
  41 greater mummies
  Boris (Tomb:1)
  Margery (Depths:4)
  Norris (D:14)
  Saint Roka (Depths:3)
  47 shard shrikes
  51 Killer Klowns
  7 curse toes
  A caustic shrike (shapeshifter) (Zig:24)
  17 caustic shrikes
  A golden dragon (shapeshifter) (Zig:20)
  Nikola (Shoals:3)
  73 golden dragons
  19 profane servitors
  52 bone dragons
  4 electric golems
  36 Brimstone Fiends
  Jorgrun (Depths:4)
  63 liches
  44 Hell Sentinels
  A Cloud Mage (WizLab)
  Rupert (Orc:3)
  6 hellephants
  68 tentacled monstrosities
  80 Ice Fiends
  25 Orb Guardians
  Asterion (Depths:1)
  7 deep elf blademasters
  50 Shadow Fiends
  25 titans
  25 deep elf master archers
  37 quicksilver dragons
  146 acid blobs
  The ghost of Hanibal the Unseen, an adept KoBe of Trog (Shoals:3)
  4 quicksilver dragons (shapeshifter)
  4 sphinxes (shapeshifter)
  40 Executioners
  20 sphinxes
  3 eldritch tentacles
  Polyphemus (Shoals:3)
  45 ancient champions
  69 tentacled starspawn
  3 octopode crushers
  Frances (Shoals:2)
  2 shadow dragons (shapeshifter)
  12 death cobs
  29 thorn hunters
  Kirke (Lair:7)
  48 storm dragons
  47 shadow dragons
  7 fire giants (shapeshifter)
  100 draconian monks
  A storm dragon (shapeshifter) (Zig:20)
  71 tengu reavers
  58 revenants
  5 daevas
  24 fire giants
  74 azure jellies
  Ilsuiw (Shoals:4)
  183 greater nagas
  34 corrupters
  150 draconian knights
  122 draconian scorchers
  An iron dragon (shapeshifter) (Zig:16)
  46 iron dragons
  27 vault wardens
  38 frost giants
  56 deep elf sorcerers
  117 ghost moths
  4 frost giants (shapeshifter)
  113 draconian zealots
  13 ghouls
  66 balrugs
  29 curse skulls
  13 caustic shrike zombies
  143 orc warlords
  20 emperor scorpions
  54 cacodemons
  107 draconian shifters
  11 juggernaut zombies
  A ghost moth (shapeshifter) (Zig:20)
  169 reapers
  139 draconian annihilators
  7 spriggan defenders
  26 war gargoyles
  195 stone giants
  9 caustic shrike skeletons
  27 warmongers
  24 ironheart preservers
  52 very ugly things
  3 elemental wellsprings
  90 draconian callers
  8 bennus
  6 juggernaut skeletons
  7 salamander firebrands
  4 stone giants (shapeshifter)
  99 blood saints
  50 vampire knights
  2 ophanim
  10 deep elf demonologists
  43 green draconians
  15 salamander stormcallers
  59 mottled draconians
  51 red draconians
  68 deep elf annihilators
  36 black draconians
  52 white draconians
  18 dire elephants
  3 dire elephants (shapeshifter) (Zig:24)
  39 lorocyprocas
  50 purple draconians
  45 yellow draconians
  2 ettins (shapeshifter)
  106 blizzard demons
  29 black suns
  40 chaos champions
  25 ettins
  Snorg (Orc:3)
  51 eidola
  30 vault guards
  10 quicksilver dragon zombies
  3 crystal guardians
  23 jiangshi
  29 merfolk javelineers
  27 deep elf death magi
  16 merfolk impalers
  67 green deaths
  30 mummy priests
  30 death oozes
  41 yaktaur captains
  4 kraken zombies
  79 fire dragons
  2 spectral krakens (Tar:7)
  38 entropy weavers
  9 deep elf high priests
  20 rakshasas
  57 great orbs of eyes
  2 hydras (shapeshifter)
  A spectral tengu (Zig:7)
  5 caustic shrike simulacra (Zig:20)
  3 ghost crabs (shapeshifter)
  The ghost of deszczowiec the Fighter, a novice TrMo (Lair:1)
  43 naga warriors
  4 quicksilver dragon skeletons
  117 hydras
  122 ice dragons
  An ice dragon (shapeshifter) (Zig:16)
  38 anacondas
  38 spriggan air magi
  13 monstrous demonspawn
  17 hell beasts
  2 merfolk avatars
  36 centaur warriors
  35 ghost crabs
  35 death knights
  2 catoblepae (shapeshifter)
  35 merfolk aquamancers
  15 catoblepae
  3 anacondas (shapeshifter)
  A spectral fire giant (Zig:7)
  60 alligators
  The ghost of Acur the Thaumaturge, a journeyman GrEE of Vehumet (Lair:1)
  3 juggernaut simulacra
  8 deep troll shamans
  31 vampire magi
  6 tengu warriors
  4 alligator snapping turtles (shapeshifter)
  A queen ant (Lair:7)
  An alligator snapping turtle (Shoals:2)
  21 dancing weapons
  128 orc high priests
  15 death yaks
  8 satyrs
  50 shock serpents
  The ghost of ghwc the Basher, a novice OgBe of Trog (D:12)
  53 ogre magi
  78 thrashing horrors
  15 titan zombies
  77 naga sharpshooters
  11 spriggan berserkers
  2 shock serpents (shapeshifter)
  7 deep troll earth magi
  71 sun demons
  98 small abominations
  A spectral storm dragon (Crypt:3)
  26 hell hogs
  17 storm dragon zombies
  16 iron golems
  85 soul eaters
  2 iron trolls (shapeshifter)
  43 shadow wraiths
  80 wretched stars
  3 fire crabs (shapeshifter)
  78 shadow demons
  A fire crab (Zig:24)
  10 titan skeletons
  42 spatial maelstroms
  81 iron trolls
  33 hell knights
  6 storm dragon skeletons
  35 deep elf knights
  18 gelid demonspawn
  19 infernal demonspawn
  41 salamander mystics
  163 skeletal warriors
  16 sea snakes
  16 deep trolls
  129 ice devils
  15 golden dragon zombies
  46 death drakes
  2 deep trolls (shapeshifter)
  An unseen horror (shapeshifter) (Zig:16)
  5 anaconda zombies
  6 ball lightnings (Pan)
  3 sea snakes (shapeshifter)
  107 swamp dragons
  10 unseen horrors
  3 cherubim
  56 flayed ghosts
  37 giant orange brains
  10 deep elf summoners
  2 ghost moth zombies
  17 spriggan druids
  3 death drakes (shapeshifter)
  2 swamp dragons (shapeshifter)
  12 hill giants
  17 torturous demonspawn (Pan)
  13 shadow dragon zombies
  55 death scarabs
  51 naga ritualists
  3 kraken simulacra
  An obsidian statue (Zig:11)
  28 ironbrand convokers
  79 deep elf conjurers
  91 necromancers
  33 orc knights
  9 oklob plants
  4 lindwurms (Snake:4)
  Pikel (D:5)
  A giant orange brain (shapeshifter) (Zig:24)
  18 putrid demonspawn
  An anubis guard (shapeshifter) (Zig:16)
  20 shambling mangroves
  7 wolf spider zombies
  17 golden dragon skeletons
  A lindwurm (shapeshifter) (Zig:11)
  13 sphinx zombies
  31 mana vipers
  40 phantasmal warriors
  7 anaconda skeletons
  15 griffons
  74 wizards
  A hill giant (shapeshifter) (Zig:20)
  15 harpies
  A harpy (shapeshifter) (Zig:19)
  10 iron dragon zombies
  38 anubis guards
  A hornet (shapeshifter) (Zig:16)
  114 orc sorcerers
  108 wolf spiders
  8 manticores
  8 frost giant zombies
  102 hornets
  104 orb spiders
  68 shining eyes
  9 stone giant zombies
  8 tengu skeletons
  20 worldbinders
  A faun (shapeshifter) (Zig:2)
  11 shadow dragon skeletons
  10 fire giant zombies
  A mana viper (shapeshifter) (Depths:2)
  2 shock serpent zombies
  5 water nymphs (Shoals:4)
  3 cyclopes (shapeshifter)
  A griffon (shapeshifter) (Zig:20)
  60 ugly things
  A manticore (shapeshifter) (Zig:19)
  9 sphinx skeletons
  11 fauns
  110 moths of wrath
  22 salamanders
  2 shining eyes (shapeshifter)
  An orb spider (shapeshifter) (Zig:23)
  42 cyclopes
  8 elephants
  53 sixfirhies
  9 frost giant skeletons
  Maurice (Orc:1)
  2 moths of wrath (shapeshifter)
  6 sirens
  10 dire elephant zombies
  A salamander (shapeshifter) (Depths:3)
  6 fire giant skeletons
  40 eyes of devastation
  4 eyes of devastation (shapeshifter)
  36 guardian serpents
  16 iron dragon skeletons
  37 apocalypse crabs
  32 vault sentinels
  106 hellions
  A black mamba (shapeshifter) (Zig:5)
  6 stone giant skeletons
  4 ice statues
  4 centaur skeletons
  A guardian serpent (shapeshifter) (Zig:6)
  9 titan simulacra
  16 torpor snails
  144 black mambas
  63 orange demons
  87 rust devils
  3 shock serpent skeletons
  11 spectral swamp worms (Tar:7)
  124 naga magi
  3 gargoyles
  A spiny frog (shapeshifter) (Zig:5)
  A torpor snail (shapeshifter) (Zig:24)
  137 smoke demons
  31 efreet
  11 molten gargoyles
  6 spriggan skeletons
  9 spriggan zombies
  110 yaktaurs
  4 storm dragon simulacra
  A yaktaur zombie (Zig:3)
  29 elf skeletons
  3 dire elephant skeletons
  99 tormentors
  An emperor scorpion zombie (Coc:7)
  2 red draconian zombies (Crypt:2)
  2 yaktaurs (shapeshifter)
  22 komodo dragons
  4 golden dragon simulacra
  43 hellwings
  78 ancient zymes
  87 spiny frogs
  61 tengu conjurers
  56 guardian mummies
  63 fire drakes
  58 red devils
  22 deep elf priests
  17 hydra zombies
  72 freezing wraiths
  7 anaconda simulacra
  2 jumping spiders (shapeshifter)
  90 demonic crawlers
  2 harpy zombies
  A catoblepas skeleton (Abyss:1)
  A minotaur zombie (Dis:6)
  34 merfolk
  13 silent spectres
  2 queen bees (shapeshifter)
  A polar bear (shapeshifter) (Zig:26)
  2 tengu simulacra
  A two-headed ogre (shapeshifter) (Zig:19)
  35 two-headed ogres
  64 raiju
  24 wind drakes
  60 blue devils
  4 polar bears
  A sphinx simulacrum (Zig:20)
  29 trolls
  A troll (shapeshifter) (Vaults:1)
  79 jumping spiders
  2 merfolk (shapeshifter)
  4 iron dragon simulacra
  Prince Ribbit (D:8)
  3 harpy skeletons
  A frost giant simulacrum (Zig:6)
  333 slime creatures
  46 bog bodies
  8 snapping turtles
  20 boulder beetles
  36 giant leeches
  A griffon zombie (Crypt:1)
  7 hydra skeletons
  A moth of wrath zombie (Crypt:2)
  12 ushabtiu
  87 trapdoor spiders
  4 fire dragon skeletons
  2 blink frogs (shapeshifter)
  A snapping turtle (shapeshifter) (Zig:20)
  33 blink frogs
  6 ettin zombies
  7 fire dragon zombies
  7 ice dragon zombies
  6 alligator zombies
  A hornet zombie (Crypt:1)
  22 wyverns
  201 flying skulls
  2 spriggan simulacra (Zig:20)
  87 redbacks
  22 spriggans
  33 air elementals
  49 deep elf magi
  192 starcursed masses
  3 ice dragon skeletons
  75 ynoxinuls
  5 basilisks
  A redback (shapeshifter) (Zig:20)
  5 tarantellas (shapeshifter)
  7 ettin skeletons
  A yak (shapeshifter) (Zig:20)
  30 vampires
  2 alligator skeletons
  2 fire bats (shapeshifter)
  64 tarantellas
  4 black mamba zombies
  117 neqoxecs
  24 water elementals
  A hippogriff (shapeshifter) (Zig:16)
  A spriggan (shapeshifter) (Zig:23)
  4 black mamba skeletons
  4 fire bats
  33 steam dragons
  29 golden eyes
  2 hogs (Lair:7)
  75 yaks
  80 shadows
  53 wraiths
  38 vampire mosquitoes
  6 elf simulacra
  A human (shapeshifter) (Zig:13)
  A hog (shapeshifter) (Zig:20)
  16 humans (D:14)
  55 deep elf fighters
  21 fire elementals
  38 wargs
  14 wolves
  15 hungry ghosts
  90 chaos spawn
  An emperor scorpion simulacrum (Crypt:3)
  A warg (shapeshifter) (Vaults:5)
  Menkaure (D:6)
  24 spatial vortices
  A harpy simulacrum (Tar:6)
  21 hippogriffs
  38 mottled dragons
  82 hell hounds
  23 insubstantial wisps
  11 porcupines
  2 soldier ants (shapeshifter)
  73 nagas
  7 soldier ants
  6 spiny frog zombies
  6 hydra simulacra
  45 water moccasins
  158 orc warriors
  A water moccasin (shapeshifter) (Abyss:2)
  244 large abominations
  A porcupine (shapeshifter) (Zig:24)
  2 spiny frog skeletons
  31 spiders
  A black bear (D:11)
  6 snapping turtle zombies
  73 eyes of draining
  63 swamp drakes
  2 sky beasts (D:15)
  A tengu (Zig:27)
  60 wasps
  51 ice beasts
  3 eyes of draining (shapeshifter)
  2 boggarts (Elf:1)
  3 swamp dragon zombies
  15 phantoms
  4 snapping turtle skeletons
  3 human skeletons
  104 ogres
  A tengu (shapeshifter) (Zig:20)
  A hog zombie (Crypt:2)
  74 necrophages
  2 manticore skeletons
  3 slaves (D:5)
  35 centaurs
  2 big kobolds
  38 crocodiles
  Blork the orc (D:6)
  3 brain worms
  2 brain worms (shapeshifter) (Zig:19)
  34 elf zombies
  7 earth elementals
  11 giant frogs
  4 glowing shapeshifter simulacra
  A spiny frog simulacrum (Coc:7)
  11 scorpions
  A killer bee (shapeshifter) (Zig:24)
  A troll zombie (Dis:7)
  2 human simulacra (Vaults:3)
  9 killer bees
  214 jellies
  A troll skeleton (Geh:1)
  4 electric eels
  A giant frog zombie (D:10)
  6 centaur zombies
  A hound (shapeshifter) (Zig:23)
  8 human zombies
  18 crimson imps
  62 wights
  76 iron imps
  64 orc wizards
  A giant frog skeleton (D:12)
  A gnoll shaman (D:7)
  44 orc priests
  Jessica (D:3)
  2 quasits
  9 hounds
  Natasha (D:3)
  9 iguanas
  6 hell rats (Hell)
  A lightning spire (Zig:16)
  62 sheep
  A naga zombie (Geh:7)
  A centaur simulacrum (D:11)
  An ogre zombie (Coc:3)
  29 worker ants
  13 tengu zombies
  An ogre skeleton (Tomb:3)
  A hound zombie (D:5)
  2 hound skeletons
  76 mummies
  4 gnolls
  A worker ant zombie (D:8)
  11 adders
  30 river rats
  5 scorpion zombies (Ossuary)
  35 shadow imps
  35 white imps
  2 adder skeletons (D:8)
  2 adder zombies
  2 worms (D:2)
  830 orcs
  2 ball pythons
  8 bats
  2 giant cockroaches
  A gnoll zombie (Ossuary)
  4 goblins
  7 hobgoblins
  6 jackals
  20 kobolds
  3 quokkas
  3 giant geckos
  A giant gecko skeleton (D:9)
  6 giant newts
  2 goblin zombies (Ossuary)
  A jackal zombie (Crypt:2)
  4 kobold zombies
  An orc skeleton (Geh:3)
  An orc zombie (Ossuary)
  2 quokka skeletons
  A quokka zombie (D:7)
  13 rats
  2053 blocks of ice
  196 briar patches
  3 bushes (Zig:21)
  2 crawling corpses (Zig:5)
  1483 fire vortices
  A lost soul (Crypt:3)
  7 macabre masses (Abyss:4)
  17 plants
  37 starspawn tentacles
  3 starspawn tentacle segments
  10 tentacles
20966 creatures vanquished.

Vanquished Creatures (collateral kills)
  Antaeus (Coc:7)
  2 ancient liches (Zig:24)
  4 greater mummies
  A Killer Klown (Zot:5)
  Geryon (Hell)
  3 bone dragons
  A lich (Crypt:3)
  2 Orb Guardians (Zot:5)
  2 tentacled monstrosities (Zig:25)
  A quicksilver dragon (Dis:6)
  An Executioner (Zig:21)
  4 acid blobs
  A tengu reaver (Zig:27)
  3 greater nagas
  A storm dragon (Vaults:5)
  2 shadow dragons
  2 revenants (Zig:16)
  A daeva (Zig:20)
  A frost giant (Depths:2)
  3 ghost moths (Zig:17)
  2 draconian knights
  2 iron dragons (Dis:7)
  A vault warden (Vaults:4)
  An emperor scorpion (Zig:7)
  2 cacodemons
  A juggernaut zombie (Zig:24)
  A ghoul (Crypt:3)
  2 reapers
  A very ugly thing (Zig:20)
  2 stone giants
  A deep elf demonologist (Elf:3)
  A black draconian (Zot:5)
  A chaos champion (Zig:21)
  2 white draconians
  A yellow draconian (Zot:2)
  A purple draconian (Zot:3)
  2 mottled draconians
  An ettin (Depths:2)
  2 blizzard demons
  A green death (Zig:25)
  2 yaktaur captains
  2 ice dragons
  An alligator (Zig:25)
  A titan zombie (Tomb:2)
  3 wretched stars
  An iron troll (Depths:4)
  3 skeletal warriors
  A wizard (Depths:3)
  12 death scarabs
  A spriggan druid (Zig:25)
  2 swamp dragons (Zig:25)
  A naga ritualist (Zig:21)
  A shambling mangrove (Zig:25)
  A kraken simulacrum (Coc:7)
  A shadow dragon zombie (Zig:24)
  A necromancer (Zig:27)
  A sphinx zombie (Zig:12)
  2 orb spiders
  2 wolf spiders (Zig:17)
  A stone giant zombie (Tomb:1)
  A frost giant zombie (Dis:7)
  2 hornets
  A guardian serpent (Zig:17)
  2 spriggan zombies (Zig:24)
  An elf zombie (Zig:24)
  2 moths of wrath
  5 large abominations
  An apocalypse crab (Zig:13)
  An eye of devastation (Slime:1)
  A spiny frog (Zig:25)
  3 demonic crawlers
  2 spriggan skeletons
  A yaktaur (Vaults:4)
  2 tengu conjurers (Zig:27)
  2 blue devils
  2 jumping spiders
  2 anaconda simulacra (Coc:7)
  A giant leech (Zig:25)
  4 slime creatures
  A freezing wraith (Tar:7)
  A polar bear (shapeshifter) (Depths:3)
  A bog body (Zig:25)
  3 shadows
  A flying skull (Tar:3)
  A trapdoor spider (Zig:7)
  An ettin skeleton (Geh:6)
  A redback (Depths:1)
  2 ynoxinuls
  2 air elementals (WizLab)
  An ice dragon skeleton (Coc:7)
  2 tarantellas
  A water elemental (Zig:20)
  5 golden eyes
  A spatial vortex (Zig:19)
  2 neqoxecs
  2 hungry ghosts
  A chaos spawn (Pan)
  2 swamp drakes (Zig:25)
  2 spiders
  A wasp (Depths:2)
  An eye of draining (shapeshifter) (Zig:16)
  A spider (shapeshifter) (Zig:13)
  3 necrophages (Zig:24)
  An ogre (Vaults:5)
  An ice beast (Zig:20)
  2 eyes of draining
  A spiny frog simulacrum (Crypt:2)
  3 small abominations
  2 wights (Tar:1)
  8 starcursed masses
  25 jellies
  A hell rat (Hell)
  11 mummies
  6 shadow imps
  An orc simulacrum (Crypt:2)
  5 blocks of ice
  A briar patch (Zig:24)
  4 fire vortices
  3 macabre masses (Abyss:4)
  6 starspawn tentacles
  A starspawn tentacle segment (Zig:23)
  A tentacle segment (Coc:7)
263 creatures vanquished.

Vanquished Creatures (others)
  A Killer Klown (Zig:20)
  A pandemonium lord (Zig:20)
  A titan (Zig:24)
  6 eldritch tentacles
  A draconian monk (Zig:26)
  A draconian knight (Zig:22)
  5 draconian scorchers
  A draconian zealot (Zig:26)
  A caustic shrike zombie (Zig:21)
  A black draconian (Zig:22)
  A green draconian (Zig:22)
  A blizzard demon (Pan)
  A great orb of eyes (Zig:19)
  A quicksilver dragon zombie (Tomb:2)
  4 hydras (Zig:25)
  2 alligators (Zig:25)
  A hell hog (Hell)
  A thrashing horror (Zig:13)
  An iron troll (Zig:7)
  A storm dragon skeleton (Zig:24)
  A skeletal warrior (Tomb:2)
  A death drake (Zig:25)
  3 swamp dragons (Zig:25)
  A shambling mangrove (Zig:25)
  A spriggan druid (Zig:25)
  A necromancer (Zig:27)
  An anaconda skeleton (Tomb:2)
  A shadow dragon skeleton (Tomb:3)
  A wolf spider (Zig:23)
  An orb spider (Zig:23)
  A sixfirhy (Pan)
  A spiny frog (Zig:25)
  A fire drake (Zig:14)
  3 large abominations
  A bog body (Zig:25)
  A raiju (Zig:19)
  A human (Lair:7)
  A trapdoor spider (Zig:18)
  A flying skull (Geh:7)
  A spriggan (Zig:25)
  A fire elemental (Zig:14)
  An elf zombie (Zig:21)
  2 insubstantial wisps (Zig:25)
  2 spatial vortices (Zig:25)
  A neqoxec (Zig:21)
  A hell hound (Zig:14)
  A wasp (Zig:25)
  A necrophage (Zig:24)
  3 swamp drakes (Zig:25)
  An eye of draining (Zig:19)
  A brain worm (Zig:23)
  A giant frog (Lair:7)
  A scorpion (Ossuary)
  A water moccasin zombie (D:5)
  A spriggan zombie (Geh:7)
  A crimson imp (Zig:24)
  2 jellies
  3 shadow imps (Zig:24)
  2 orcs
  1200 blocks of ice
  27 briar patches
  2 bushes
  680 eldritch tentacle segments
  3139 fire vortices
  11 fungi
  10 lost souls
  40 plants
  52 starspawn tentacles
  374 starspawn tentacle segments
  26 tentacles
  522 tentacle segments
6167 creatures vanquished.

Grand Total: 27396 creatures vanquished

Notes
Turn   | Place    | Note
--------------------------------------------------------------
     0 | D:1      | alpinistek the Demonspawn Fire Elementalist began the quest for the Orb.
     0 | D:1      | Reached XP level 1. HP: 13/13 MP: 3/3
    99 | D:1      | Reached skill level 3 in Fire Magic
   484 | D:1      | Gained mutation: You are covered in fur (AC +1). [potion of mutation]
   484 | D:1      | Gained mutation: Your muscles are strong. (Str +2) [potion of mutation]
   484 | D:1      | Gained mutation: Your flesh is cold resistant. [potion of mutation]
   506 | D:1      | Gained mutation: You regenerate a little health from kills. [demonic ancestry]
   506 | D:1      | Reached XP level 2. HP: 17/19 MP: 3/5
  1143 | D:2      | Gained mutation: You are partially covered in sharp spines. [demonic ancestry]
  1143 | D:2      | Reached XP level 3. HP: 24/24 MP: 2/6
  1278 | D:2      | Reached XP level 4. HP: 27/30 MP: 7/7
  1511 | D:3      | Learned a level 2 spell: Throw Flame
  1515 | D:3      | Learned a level 3 spell: Conjure Flame
  1657 | D:3      | Reached skill level 4 in Fire Magic
  1694 | D:3      | Noticed Jessica
  1883 | D:3      | Killed Jessica
  1883 | D:3      | Reached XP level 5. HP: 35/35 MP: 7/9
  1904 | D:3      | Noticed Natasha
  2097 | D:3      | Found a glowing drain.
  2107 | Sewer    | Entered a sewer
  2215 | Sewer    | Found a white marble altar of Elyvilon.
  2299 | D:3      | Reached skill level 5 in Fire Magic
  2422 | D:3      | Reached XP level 6. HP: 41/41 MP: 10/10
  2508 | D:3      | Killed Natasha
  2510 | D:3      | Found a blossoming altar of Fedhas.
  2705 | D:4      | Learned a level 4 spell: Sticky Flame
  2854 | D:4      | Found a sand-covered staircase.
  2858 | D:4      | Reached skill level 1 in Shields
  2910 | Ossuary  | Entered an ossuary
  3223 | Ossuary  | Reached XP level 7. HP: 46/46 MP: 6/12
  3521 | Ossuary  | Reached skill level 6 in Fire Magic
  3596 | Ossuary  | Reached skill level 5 in Spellcasting
  3596 | Ossuary  | Reached XP level 8. HP: 27/52 MP: 5/15
  3781 | D:4      | Found a staircase to the Ecumenical Temple.
  3946 | Temple   | Entered the Ecumenical Temple
  4652 | D:5      | Entered Level 5 of the Dungeon
  4816 | D:5      | Reached skill level 5 in Conjurations
  5108 | D:5      | Found a deep blue altar of Sif Muna.
  5109 | D:5      | Noticed Pikel
  5119 | D:5      | Killed Pikel
  5119 | D:5      | Reached skill level 7 in Fire Magic
  5338 | D:5      | Found a glowing silver altar of Zin.
  5344 | D:5      | Reached XP level 9. HP: 52/57 MP: 18/18
  5459 | D:6      | Noticed Menkaure
  5463 | D:6      | Killed Menkaure
  5547 | D:6      | Found an opulent altar of Gozag.
  5690 | D:6      | Noticed Blork the orc
  5698 | D:6      | Killed Blork the orc
  5967 | D:6      | Found an iron altar of Okawaru.
  6531 | D:7      | Found a runed door.
  6540 | D:7      | Found Jauqei's Antique Armour Shoppe.
  6562 | D:7      | Learned a level 5 spell: Fireball
  7067 | D:7      | Found a roughly hewn altar of Beogh.
  7196 | D:8      | Reached skill level 5 in Shields
  7201 | D:8      | Reached XP level 10. HP: 63/63 MP: 21/21
  7218 | D:8      | Noticed Prince Ribbit
  7226 | D:8      | Killed Prince Ribbit
  7360 | D:8      | HP: 3/63 [orc priest/trident (5)]
  7643 | D:8      | Found a radiant altar of Vehumet.
  7652 | D:8      | Became a worshipper of Vehumet
  7758 | D:8      | Found a white marble altar of Elyvilon.
  7758 | D:8      | Found a glowing golden altar of the Shining One.
  7759 | D:8      | Found a glowing silver altar of Zin.
  7921 | D:9      | Found a shattered altar of Ashenzari.
  7935 | D:9      | Noticed a hill giant
  7952 | D:9      | Killed a hill giant
  8082 | D:9      | Found a stormy altar of Qazlal.
  8111 | D:9      | Found Dedaib's Antique Armour Emporium.
  8137 | D:9      | Bought an embroidered robe for 24 gold pieces
  8137 | D:9      | Bought a glowing robe for 24 gold pieces
  8177 | D:9      | Found a sparkling altar of Nemelex Xobeh.
  8232 | D:9      | Reached skill level 8 in Fire Magic
  8412 | D:9      | Noticed an orc knight
  8442 | D:9      | Killed an orc knight
  8646 | D:9      | Reached * piety under Vehumet
  8646 | D:9      | Offered knowledge of Magic Dart by Vehumet.
  8799 | D:9      | Identified a scroll of acquirement
  9572 | D:9      | Reached ** piety under Vehumet
  9572 | D:9      | Offered knowledge of Freeze by Vehumet.
  9623 | D:9      | Found a sacrificial altar of Ru.
  9633 | D:9      | Found a shadowy altar of Dithmenos.
  9742 | D:9      | Gained mutation: You have a pair of small antennae on your head. [demonic ancestry]
  9742 | D:9      | Reached XP level 11. HP: 41/68 MP: 11/23
  9809 | D:9      | Bought a glowing cloak for 157 gold pieces
  9939 | D:7      | Bought a slimy robe for 125 gold pieces
  9939 | D:7      | Bought a pair of faintly glowing gloves for 209 gold pieces
  9949 | D:7      | Identified the +1 robe of Oblivion {Int+7 Stlth+} (You bought it in a shop on level 7 of the Dungeon)
  9954 | D:7      | Identified the +0 pair of gloves of Magic {rPois Str+6 SInv} (You bought it in a shop on level 7 of the Dungeon)
 10170 | D:9      | Learned a level 6 spell: Poison Arrow
 10308 | D:10     | Entered Level 10 of the Dungeon
 10474 | D:10     | Reached skill level 1 in Poison Magic
 10812 | D:10     | Found a staircase to the Lair.
 10844 | D:10     | Reached skill level 9 in Fire Magic
 10884 | D:10     | Offered knowledge of Searing Ray by Vehumet.
 10887 | D:10     | Reached *** piety under Vehumet
 11451 | D:11     | Offered knowledge of Iskenderun's Mystic Blast by Vehumet.
 11486 | D:11     | Found a roughly hewn altar of Beogh.
 11497 | D:11     | Reached **** piety under Vehumet
 11663 | D:11     | Found Subir's Assorted Antiques.
 11668 | D:11     | Bought a pair of scorched gloves for 247 gold pieces
 11678 | D:11     | Identified the +4 pair of gloves "Raom" {MR++ Str-5 Dex+6} (You bought it in a shop on level 11 of the Dungeon)
 11684 | D:11     | Found a staircase to the Orcish Mines.
 12017 | D:12     | Offered knowledge of Venom Bolt by Vehumet.
 12213 | D:12     | Noticed ghwc's ghost (novice OgBe)
 12486 | Lair:1   | Entered Level 1 of the Lair of Beasts
 12595 | Lair:1   | Found a shimmering altar of Xom.
 12614 | Lair:1   | Noticed deszczowiec's ghost (novice TrMo)
 12957 | Lair:1   | Noticed Acur's ghost (journeyman GrEE)
 13786 | Lair:3   | Found a staircase to the Snake Pit.
 13867 | Lair:3   | Reached XP level 12. HP: 56/74 MP: 7/25
 13899 | Lair:3   | Reached skill level 10 in Spellcasting
 14013 | Lair:3   | Found a shadowy altar of Dithmenos.
 14082 | Lair:3   | Noticed a six-headed hydra
 14085 | Lair:3   | Reached skill level 10 in Conjurations
 14094 | Lair:3   | Killed a six-headed hydra
 14094 | Lair:3   | Reached skill level 10 in Fire Magic
 14647 | Lair:3   | Reached skill level 5 in Poison Magic
 14963 | Lair:4   | Reached ***** piety under Vehumet
 15411 | Lair:4   | Noticed a four-headed hydra
 15417 | Lair:4   | Killed a four-headed hydra
 15753 | Lair:4   | Noticed a seven-headed hydra
 15760 | Lair:4   | Killed a seven-headed hydra
 15798 | Lair:4   | Offered knowledge of Iron Shot by Vehumet.
 15825 | Lair:4   | Learned a level 6 spell: Iron Shot
 16151 | Lair:4   | Learned a level 3 spell: Regeneration
 16495 | Lair:5   | Reached skill level 1 in Fighting
 16583 | Lair:5   | Reached skill level 1 in Charms
 16737 | Lair:5   | Reached skill level 11 in Spellcasting
 16902 | Lair:5   | Found a staircase to the Shoals.
 16924 | Lair:5   | Gained mutation: You have a pair of antennae on your head. [demonic ancestry]
 16924 | Lair:5   | Reached XP level 13. HP: 83/83 MP: 8/28
 18254 | Lair:7   | Found a runed door.
 18255 | Lair:7   | Found a viscous altar of Jiyva.
 18257 | Lair:7   | Noticed an azure jelly
 18264 | Lair:7   | Found a staircase to the Slime Pits.
 18651 | Lair:7   | Offered knowledge of Irradiate by Vehumet.
 18908 | Lair:7   | Noticed Kirke
 18912 | Lair:7   | Killed Kirke
 19543 | Lair:8   | Entered Level 8 of the Lair of Beasts
 19936 | Lair:8   | Reached skill level 5 in Fighting
 19985 | Lair:8   | Reached skill level 12 in Spellcasting
 20336 | Lair:8   | Gained mutation: You are partially covered in molten scales (AC +1). [demonic ancestry]
 20336 | Lair:8   | Reached XP level 14. HP: 82/98 MP: 18/30
 20623 | Lair:8   | Offered knowledge of Poisonous Cloud by Vehumet.
 20631 | Lair:8   | Learned a level 6 spell: Poisonous Cloud
 21847 | Lair:1   | Killed deszczowiec's ghost
 21847 | Lair:1   | Reached skill level 1 in Staves
 22636 | Orc:1    | Entered Level 1 of the Orcish Mines
 22848 | Orc:2    | Found a frozen archway.
 22859 | Orc:2    | Offered knowledge of Iskenderun's Battlesphere by Vehumet.
 22924 | IceCv    | Entered an ice cave
 22941 | IceCv    | Reached ****** piety under Vehumet
 23781 | Orc:1    | Noticed Maurice
 23792 | Orc:1    | Killed Maurice
 24055 | Orc:1    | Found Ynaet's Distillery.
 24149 | Orc:1    | Offered knowledge of Freezing Cloud by Vehumet.
 24357 | Orc:2    | Found a roughly hewn altar of Beogh.
 24580 | Orc:3    | Noticed Rupert
 24581 | Orc:3    | Paralysed by Rupert for 2 turns
 24587 | Orc:3    | Killed Rupert
 24587 | Orc:3    | Reached skill level 1 in Air Magic
 24730 | Orc:3    | Noticed Snorg
 24742 | Orc:3    | Killed Snorg
 24755 | Orc:3    | Gained mutation: You have a pair of large antennae on your head (SInv). [demonic ancestry]
 24755 | Orc:3    | Reached XP level 15. HP: 59/112 MP: 7/31
 24906 | Orc:4    | Entered Level 4 of the Orcish Mines
 24991 | Orc:2    | Reached skill level 13 in Spellcasting
 25101 | Orc:3    | Found a roughly hewn altar of Beogh.
 25124 | Orc:3    | Found a staircase to the Elven Halls.
 25851 | Orc:4    | Found a roughly hewn altar of Beogh.
 26152 | Orc:4    | Found Reremucw's Antique Weapon Boutique.
 26238 | Orc:4    | Found Plog's General Store.
 26241 | Orc:4    | Offered knowledge of Bolt of Fire by Vehumet.
 26534 | Orc:4    | Found Amurinew's Distillery.
 26660 | Orc:4    | Bought a potion of heal wounds for 70 gold pieces
 26660 | Orc:4    | Bought a potion of magic for 112 gold pieces
 27360 | Orc:4    | Found Keud's Antique Weapon Emporium.
 27360 | Orc:4    | Found a one-way gate leading to the halls of Pandemonium.
 27360 | Orc:4    | Found Luaqyl's Book Shoppe.
 27788 | Elf:1    | Entered Level 1 of the Elven Halls
 27795 | Elf:1    | Found Beuddure's Food Boutique.
 28193 | Elf:1    | Found Edusmash's Antique Weapon Boutique.
 28195 | Elf:1    | Found Kexaig's Book Shop.
 28207 | Elf:1    | Bought a book of Fire for 1040 gold pieces
 28215 | Elf:1    | Learned a level 6 spell: Bolt of Fire
 28220 | Elf:1    | Found Xegix's Distillery.
 28366 | Elf:1    | Reached skill level 5 in Dodging
 28481 | Elf:1    | Offered knowledge of Bolt of Cold by Vehumet.
 28926 | Elf:1    | Got a brightly glowing mace
 28927 | Elf:1    | Identified the +8 mace "Dautitomm" {freeze, rPois Int+2 Dex+4 Stlth-} (You found it on level 1 of the Elven Halls)
 29446 | Elf:2    | Reached skill level 14 in Spellcasting
 29476 | Elf:2    | Found a huge runed gate.
 29476 | Elf:2    | Found a huge runed gate.
 29476 | Elf:2    | Found a huge runed gate.
 29478 | Elf:2    | Found a huge runed gate.
 29479 | Elf:2    | Found a huge runed gate.
 30083 | Elf:2    | Gained mutation: You regenerate health from kills. [demonic ancestry]
 30083 | Elf:2    | Reached XP level 16. HP: 119/119 MP: 31/34
 30873 | D:7      | Bought an embroidered cloak for 99 gold pieces
 30873 | D:7      | Bought a pair of runed boots for 99 gold pieces
 30893 | D:7      | Identified a +2 pair of boots of running (You bought it in a shop on level 7 of the Dungeon)
 31126 | D:12     | Killed ghwc's ghost
 31938 | D:13     | Offered knowledge of Glaciate by Vehumet.
 31938 | D:13     | Offered knowledge of Shatter by Vehumet.
 31938 | D:13     | Offered knowledge of Tornado by Vehumet.
 32610 | Lair:1   | Killed Acur's ghost
 32643 | Lair:2   | Got a crude cloak
 32654 | Lair:2   | Identified the +0 cloak of Love and Death {*Corrode rF+ rN++ Dex+2} (You found it on level 2 of the Lair of Beasts)
 32929 | Snake:1  | Entered Level 1 of the Snake Pit
 33153 | Lair:1   | Learned a level 7 spell: Delayed Fireball
 33158 | Lair:1   | Learned a level 3 spell: Ignite Poison
 33273 | D:14     | Found a gate to the Vaults.
 33273 | D:14     | Noticed Norris
 33295 | D:14     | Killed Norris
 34125 | D:14     | Found an iron altar of Okawaru.
 34263 | D:14     | Found a glowing golden altar of the Shining One.
 34469 | D:15     | Entered Level 15 of the Dungeon
 34487 | D:15     | Reached skill level 15 in Spellcasting
 35129 | D:15     | Found a staircase to the Depths.
 35624 | D:15     | Reached skill level 15 in Conjurations
 35852 | Depths:1 | Entered Level 1 of the Depths
 35975 | Depths:1 | Found a gateway to a ziggurat.
 36080 | Depths:1 | Gained mutation: You are mostly covered in molten scales (AC +3, EV -1). [demonic ancestry]
 36080 | Depths:1 | Reached XP level 17. HP: 124/124 MP: 9/36
 36472 | Depths:1 | Found a gateway to Hell.
 36536 | Depths:1 | Found Lucipsy's Assorted Antiques.
 36539 | Depths:1 | Bought a sparkling ruby amulet for 210 gold pieces
 36539 | Depths:1 | Bought an encrusted iron wand for 168 gold pieces
 36539 | Depths:1 | Bought a shiny fluorescent wand for 168 gold pieces
 36542 | Depths:1 | Identified the amulet of Qabeol {rCorr +Fly MP+9 Str+3 Slay+2} (You bought it in a shop on level 1 of the Depths)
 37289 | Snake:1  | Found Comisch's Gadget Boutique.
 37296 | Snake:1  | Bought a wand of digging (13) for 340 gold pieces
 38364 | Snake:2  | Reached skill level 16 in Spellcasting
 38486 | Snake:2  | Found Jaaruef's Weapon Emporium.
 38627 | Snake:2  | Found a blossoming altar of Fedhas.
 38763 | Snake:2  | Gained mutation: Your mind is acute. (Int +2) [potion of beneficial mutation]
 39173 | Snake:2  | Found Kigekat's Antique Weapon Shop.
 39443 | Snake:2  | Found Voommut's Assorted Antiques.
 39709 | Shoals:1 | Entered Level 1 of the Shoals
 40085 | Shoals:2 | Noticed Frances
 40100 | Shoals:2 | Killed Frances
 40407 | Shoals:3 | Noticed Polyphemus
 40424 | Shoals:3 | Killed Polyphemus
 40870 | Shoals:3 | Noticed Nikola
 40875 | Shoals:3 | Killed Nikola
 40932 | Shoals:3 | Gained mutation: You are mostly covered in sharp spines. [demonic ancestry]
 40932 | Shoals:3 | Reached XP level 18. HP: 131/131 MP: 38/38
 41078 | Shoals:4 | Entered Level 4 of the Shoals
 41102 | Shoals:4 | Noticed Ilsuiw
 41110 | Shoals:4 | Killed Ilsuiw
 41991 | Shoals:4 | Reached skill level 17 in Spellcasting
 42878 | Shoals:4 | Learned a level 2 spell: Sublimation of Blood
 42896 | Shoals:4 | Reached skill level 1 in Necromancy
 43255 | Shoals:4 | Got a barnacled rune of Zot
 43413 | Shoals:3 | Noticed Hanibal's ghost (adept KoBe)
 43474 | Shoals:2 | Reached skill level 5 in Necromancy
 43898 | Shoals:3 | Killed Hanibal's ghost
 45524 | Snake:3  | Gained mutation: Your flesh is very cold resistant. [demonic ancestry]
 45524 | Snake:3  | Reached XP level 19. HP: 136/136 MP: 40/40
 45735 | Snake:4  | Entered Level 4 of the Snake Pit
 46567 | Snake:4  | Reached skill level 18 in Spellcasting
 46574 | Snake:4  | Reached skill level 15 in Fire Magic
 46648 | Snake:4  | Got a serpentine rune of Zot
 47185 | Lair:1   | Learned a level 9 spell: Fire Storm
 47642 | Depths:1 | Noticed Asterion
 47653 | Depths:1 | Killed Asterion
 47938 | Depths:1 | Found a shimmering altar of Xom.
 47986 | Depths:1 | Found a one-way gate to the infinite horrors of the Abyss.
 48075 | Depths:1 | Gained mutation: You regenerate a lot of health from kills. [demonic ancestry]
 48075 | Depths:1 | Reached XP level 20. HP: 141/143 MP: 42/42
 48108 | Depths:1 | Found a portal to a secret trove of treasure.
 49021 | Depths:2 | Noticed a caustic shrike
 49022 | Depths:2 | Noticed a caustic shrike
 49024 | Depths:2 | Noticed a caustic shrike
 49026 | Depths:2 | Killed a caustic shrike
 49028 | Depths:2 | Killed a caustic shrike
 49034 | Depths:2 | Killed a caustic shrike
 49227 | Depths:2 | Noticed a caustic shrike
 49228 | Depths:2 | Killed a caustic shrike
 49228 | Depths:2 | Reached skill level 19 in Spellcasting
 49413 | Vaults:1 | Entered Level 1 of the Vaults
 49987 | Vaults:1 | Upgraded the game from 0.17.0 to 0.17.0-7-gfadd4cc
 50659 | Vaults:2 | Found a staircase to the Crypt.
 51171 | Vaults:2 | Gained mutation: You are completely covered in molten scales (AC +4, EV -1, rF+). [demonic ancestry]
 51171 | Vaults:2 | Reached XP level 21. HP: 149/149 MP: 44/44
 53355 | Vaults:4 | Reached skill level 20 in Spellcasting
 54144 | Orc:4    | Bought the Grimoire of Confrontation and Translocation for 508 gold pieces
 54144 | Orc:4    | Bought the Grimoire of Good Luck for 437 gold pieces
 54147 | Orc:4    | Learned a level 2 spell: Repel Missiles
 54529 | Elf:3    | Entered Level 3 of the Elven Halls
 54883 | Elf:3    | Gained mutation: You are immune to freezing clouds. [demonic ancestry]
 54883 | Elf:3    | Reached XP level 22. HP: 155/155 MP: 44/46
 54958 | Elf:3    | Got a polished blowgun
 54959 | Elf:3    | Identified the cursed +0 blowgun "Hesamueloa" {evade, +Blink rC- rN+} (You found it on level 3 of the Elven Halls)
 55032 | Elf:3    | Found Qifoc's Armour Boutique.
 55296 | Elf:3    | Learned a level 6 spell: Deflect Missiles
 55439 | Elf:3    | Identified a +3 rod of destruction (10/10) (You found it on level 3 of the Elven Halls)
 55458 | Elf:3    | Got a tattered robe
 55469 | Elf:3    | Identified the +1 robe of Dawn {-Cast *Confuse Int+8 Stlth+} (You found it on level 3 of the Elven Halls)
 55478 | Elf:3    | Got a jewelled chain mail
 55484 | Elf:3    | Identified the +1 chain mail of Lehoc {*Contam rN+ rCorr Stlth+} (You found it on level 3 of the Elven Halls)
 55505 | Elf:3    | Got an ancient ice dragon armour
 55511 | Elf:3    | Identified the cursed +1 ice dragon armour of the Shining Light {rF- rC++ Int+5} (You found it on level 3 of the Elven Halls)
 55520 | Elf:3    | Got a slimy broad axe
 55522 | Elf:3    | Identified the +7 broad axe of Koyc {venom, MR+ Str-3 SInv} (You found it on level 3 of the Elven Halls)
 55769 | Elf:1    | Bought a potion of haste for 180 gold pieces
 55769 | Elf:1    | Bought a potion of curing for 54 gold pieces
 55769 | Elf:1    | Bought a potion of curing for 54 gold pieces
 55908 | Orc:4    | Bought a Necronomicon for 1104 gold pieces
 55941 | Orc:4    | Bought a potion of curing for 42 gold pieces
 55941 | Orc:4    | Bought a potion of brilliance for 56 gold pieces
 55943 | Orc:4    | Bought a potion of curing for 42 gold pieces
 56248 | Depths:2 | Noticed a caustic shrike
 56251 | Depths:2 | Killed a caustic shrike
 56260 | Depths:2 | Noticed a golden dragon
 56263 | Depths:2 | Killed a golden dragon
 56360 | Depths:2 | Noticed a caustic shrike
 56361 | Depths:2 | Killed a caustic shrike
 56363 | Depths:2 | Noticed a caustic shrike
 56364 | Depths:2 | Killed a caustic shrike
 56417 | Depths:2 | Reached skill level 21 in Spellcasting
 56529 | Depths:2 | Noticed a golden dragon
 56535 | Depths:2 | Killed a golden dragon
 56570 | Depths:2 | Noticed a caustic shrike
 56573 | Depths:2 | Killed a caustic shrike
 56626 | Depths:2 | Got a polished leather armour
 56626 | Depths:2 | Got a warped buckler
 56637 | Depths:2 | Identified the +1 leather armour of the Pirate {rPois Int+4 Dex+9} (You took it off a vampire mage on level 2 of the Depths)
 56667 | Depths:2 | Identified the +3 buckler "Jenoagou" {+Fly rPois rF- Stlth+} (You took it off a vampire mage on level 2 of the Depths)
 56733 | Depths:3 | Noticed Saint Roka
 56741 | Depths:3 | Killed Saint Roka
 57273 | Depths:3 | Gained mutation: You are completely covered in sharp spines. [demonic ancestry]
 57273 | Depths:3 | Reached XP level 23. HP: 158/161 MP: 26/48
 57523 | Depths:3 | Found a deep blue altar of Sif Muna.
 57568 | Depths:3 | Identified a +3 rod of clouds (12/12) (You found it on level 3 of the Depths)
 57578 | Depths:3 | Identified the Grimoire of Curses and Cold
 57610 | Depths:3 | Identified the Grimoire of the Supportive Blaze
 57613 | Depths:3 | Identified the Collected Works on the Glacier
 57675 | Depths:3 | Got an ichor-stained robe
 57686 | Depths:3 | Identified the +0 robe of Kefobis {Str+3} (You found it on level 3 of the Depths)
 57693 | Depths:3 | Got an ivory scimitar
 57694 | Depths:3 | Identified the +3 scimitar of Dithmenos {slice, rC+ Int+6 Stlth+} (You found it on level 3 of the Depths)
 57746 | Depths:3 | Identified the Almanac of Unholy Curses (You found it on level 3 of the Depths)
 57761 | Depths:3 | Identified the Grimoire of Aerial Blows and Bruises
 57779 | Depths:3 | Identified Anamykk's Incunabulum of Feathery Orientation
 57783 | Depths:3 | Learned a level 2 spell: Blink
 57798 | Depths:3 | Identified the Disquisition on Entrancing Slavery
 58221 | Depths:4 | Found a magical portal.
 58224 | Depths:4 | Noticed Jorgrun
 58227 | Depths:4 | Killed Jorgrun
 58261 | Depths:4 | Noticed Margery
 58272 | Depths:4 | Killed Margery
 58276 | Depths:4 | Reached skill level 5 in Charms
 58406 | WizLab   | Entered The Chambers of Xijyazui the Cloud Mage
 58891 | WizLab   | Identified the Guide on Harmful Feathers
 58901 | WizLab   | Identified Neiweg's Tome of Harmful Air (You found it in a wizard's laboratory)
 59082 | Depths:4 | Reached skill level 22 in Spellcasting
 59777 | Depths:4 | Noticed a greater mummy
 59780 | Depths:4 | Killed a greater mummy
 59842 | Depths:4 | Noticed a greater mummy
 59843 | Depths:4 | Killed a greater mummy
 60031 | Depths:4 | Reached skill level 1 in Evocations
 60036 | Depths:5 | Entered Level 5 of the Depths
 60179 | Depths:5 | Reached XP level 24. HP: 160/167 MP: 23/49
 60181 | Depths:5 | Reached skill level 5 in Evocations
 60435 | Hell     | Entered the Vestibule of Hell
 60447 | Hell     | Noticed Geryon
 60453 | Hell     | Killed Geryon
 60470 | Hell     | Reached skill level 10 in Fighting
 60645 | Hell     | Found a gateway to the freezing wastes of Cocytus.
 60702 | Hell     | Found a gateway to the decaying netherworld of Tartarus.
 60767 | Hell     | Found a gateway to the ashen valley of Gehenna.
 60848 | Hell     | Found a gateway to the Iron City of Dis.
 61832 | Lair:7   | Killed an azure jelly
 61839 | Slime:1  | Entered Level 1 of the Pits of Slime
 62525 | Slime:6  | Entered Level 6 of the Pits of Slime
 62590 | Slime:6  | Noticed the royal jelly
 62593 | Slime:6  | Killed the royal jelly
 62670 | Slime:6  | Reached skill level 15 in Fighting
 62759 | Slime:6  | Got an encrusted shield
 62770 | Slime:6  | Identified the +1 shield of Insecurity {rElec rF+ Str+3 Int+5} (You found it on level 6 of the Pits of Slime)
 62781 | Slime:6  | Got a brightly glowing lead ring
 62783 | Slime:6  | Identified the ring "Louc" {rC+ Stlth+} (You found it on level 6 of the Pits of Slime)
 62871 | Slime:6  | Got a slimy rune of Zot
 62873 | Slime:6  | Identified the Incunabulum of the Mutagenic Frostbite
 63563 | Hell     | Learned a level 8 spell: Necromutation
 63662 | Depths:1 | You paid a toll of a +6 demon blade to enter a treasure trove
 63663 | Trove    | Entered a treasure trove
 63716 | Trove    | Got a shimmering tin ring
 63717 | Trove    | Identified the ring of Vuiddoun {rC+ Slay+3} (You found it in a treasure trove)
 64059 | Depths:5 | Reached skill level 1 in Transmutations
 64113 | Depths:5 | Found a gate to the Realm of Zot.
 64131 | Depths:5 | Reached XP level 25. HP: 186/194 MP: 40/49
 64433 | Zot:1    | Entered Level 1 of the Realm of Zot
 65434 | Zot:2    | Reached skill level 10 in Shields
 65507 | Zot:2    | Noticed an orb of fire
 65509 | Zot:2    | Gained mutation: You are frail (-10% HP). [an orb of fire]
 65631 | Zot:2    | Killed an orb of fire
 66716 | Zot:2    | Got a glittering golden ring
 66718 | Zot:2    | Identified the ring "Vuwec" {+Inv rPois Int+3 Dex+2} (You found it on level 2 of the Realm of Zot)
 67155 | Zot:3    | Reached XP level 26. HP: 161/180 MP: 38/49
 67169 | Zot:3    | Reached skill level 15 in Shields
 67304 | Zot:3    | Noticed an orb of fire
 67316 | Zot:3    | Killed an orb of fire
 68168 | Zot:4    | Reached skill level 10 in Necromancy
 68667 | Zot:5    | Entered Level 5 of the Realm of Zot
 68691 | Zot:5    | Reached skill level 23 in Spellcasting
 68798 | Zot:5    | Reached skill level 5 in Transmutations
 69026 | Zot:5    | Noticed an ancient lich
 69028 | Zot:5    | Killed an ancient lich
 69092 | Zot:5    | Noticed an ancient lich
 69098 | Zot:5    | Killed an ancient lich
 69188 | Zot:5    | Noticed an ancient lich
 69970 | Vaults:5 | Entered Level 5 of the Vaults
 69972 | Vaults:5 | Gained mutation: A frigid envelope surrounds you and freezes all who hurt you. [demonic ancestry]
 69972 | Vaults:5 | Reached XP level 27. HP: 187/187 MP: 50/50
 69979 | Vaults:5 | Reached skill level 24 in Spellcasting
 70265 | Vaults:5 | Got a transparent turquoise ring
 70319 | Vaults:5 | Got a silver rune of Zot
 70458 | Vaults:5 | Identified the ring "Pogykk" {Wiz Int+3 Stlth+} (You found it on level 5 of the Vaults)
 70733 | Vaults:5 | Reached skill level 25 in Spellcasting
 70781 | Vaults:5 | Learned a level 6 spell: Haste
 70903 | Vaults:5 | Got an encrusted quarterstaff
 70920 | Vaults:5 | Drew Focus: Int increased to 27, Str decreased to 8
 71765 | Dis:1    | Entered Level 1 of the Iron City of Dis
 71817 | Hell     | Learned a level 7 spell: Haunt
 71842 | Coc:1    | Entered Level 1 of Cocytus
 71874 | Coc:1    | Reached skill level 1 in Summonings
 71928 | Geh:1    | Entered Level 1 of Gehenna
 71991 | Tar:1    | Entered Level 1 of Tartarus
 74071 | Tar:7    | Entered Level 7 of Tartarus
 74353 | Tar:7    | Reached skill level 5 in Summonings
 74421 | Tar:7    | Reached skill level 1 in Earth Magic
 74746 | Tar:7    | Reached skill level 5 in Earth Magic
 74784 | Tar:7    | Noticed the Serpent of Hell
 74788 | Tar:7    | Killed the Serpent of Hell
 75212 | Tar:7    | Reached skill level 10 in Evocations
 75336 | Tar:7    | Got a scintillating lapis lazuli ring
 75338 | Tar:7    | Identified the ring "Fipyroob" {Ice MR+++ Int+4 Stlth+} (You found it on level 7 of Tartarus)
 75617 | Tar:7    | Noticed Ereshkigal
 75627 | Tar:7    | Lost mutation: Your muscles are strong. (Str +2) [a cacodemon]
 76146 | Tar:7    | Killed Ereshkigal
 76207 | Tar:7    | Got a vibrating jade ring
 76209 | Tar:7    | Identified the ring of Starshine {+/*Tele Slay+2} (You found it on level 7 of Tartarus)
 76214 | Tar:7    | Identified Ungy's Papyrus of Attacks and Flight
 76222 | Tar:7    | Got a bone rune of Zot
 76225 | Tar:7    | Got a brightly glowing scythe
 76228 | Tar:7    | Got a brightly glowing short sword
 76229 | Tar:7    | Identified the +11 short sword of Wealth {speed, rPois Int+4 Stlth+} (You found it on level 7 of Tartarus)
 76233 | Tar:7    | Identified the Incunabulum of Vitriolic Conjuration
 76237 | Tar:7    | Got a faintly glowing lapis lazuli ring
 76239 | Tar:7    | Identified the ring of Mionil {Ice +Inv MR+} (You found it on level 7 of Tartarus)
 76738 | Coc:4    | You fall through a shaft for 2 floors!
 76895 | Coc:7    | Entered Level 7 of Cocytus
 76941 | Coc:7    | Reached skill level 15 in Evocations
 77408 | Coc:7    | Noticed Antaeus
 77537 | Coc:7    | Killed Antaeus
 77566 | Coc:7    | Got an icy rune of Zot
 77798 | Hell     | Gained mutation: Your spells are a little harder to cast, but a little more powerful. [helix card]
 77860 | Hell     | Learned a level 8 spell: Borgnjor's Revivification
 77869 | Hell     | Learned a level 8 spell: Death's Door
 77998 | Depths:1 | Voluntarily entered the Abyss.
 78040 | Abyss:1  | Found a stormy altar of Qazlal.
 78735 | Abyss:1  | Found a shattered altar of Ashenzari.
 78949 | Abyss:1  | Reached skill level 26 in Spellcasting
 79205 | Abyss:1  | Found an ancient bone altar of Kikubaaqudgha.
 79350 | Abyss:2  | Found a radiant altar of Vehumet.
 79574 | Abyss:2  | Found a basalt altar of Yredelemnul.
 79746 | Abyss:2  | Got a scintillating zirconium amulet
 79749 | Abyss:2  | Identified the amulet "Meurgh" {Stasis rElec Slay-2 Stlth+} (You found it on level 2 of the Abyss)
 80145 | Abyss:4  | Identified the Catalogue of Heat
 80153 | Abyss:4  | Identified the Tome of Lightness
 80166 | Abyss:4  | Learned a level 8 spell: Controlled Blink
 80403 | Abyss:4  | Found a runed door.
 80403 | Abyss:4  | Found a runed door.
 80404 | Abyss:4  | Reached skill level 15 in Necromancy
 80431 | Abyss:4  | Found a runed door.
 80433 | Abyss:4  | Found a runed door.
 80449 | Abyss:4  | Got an abyssal rune of Zot
 80549 | Depths:1 | Escaped the Abyss
 80847 | Crypt:1  | Entered Level 1 of the Crypt
 81149 | Crypt:2  | Noticed Mennas
 81164 | Crypt:2  | Killed Mennas
 81618 | Crypt:3  | Entered Level 3 of the Crypt
 81673 | Crypt:3  | Reached skill level 27 in Spellcasting
 81788 | Crypt:3  | Found a basalt altar of Yredelemnul.
 82168 | Crypt:3  | Got an ancient pewter amulet
 82170 | Crypt:3  | Identified the amulet of Osastria {Faith rF+} (You found it on level 3 of the Crypt)
 82201 | Crypt:3  | Noticed an ancient lich
 82204 | Crypt:3  | Killed an ancient lich
 82212 | Crypt:3  | Found a staircase to the Tomb.
 82264 | Tomb:1   | Entered Level 1 of the Tomb of the Ancients
 82312 | Tomb:1   | Reached skill level 1 in Translocations
 82516 | Tomb:1   | Noticed Boris
 82517 | Tomb:1   | Killed Boris
 82524 | Tomb:1   | Reached skill level 5 in Translocations
 83169 | Tomb:2   | Noticed an ancient lich
 83180 | Tomb:2   | Killed an ancient lich
 83204 | Tomb:2   | Reached skill level 10 in Translocations
 83986 | Tomb:1   | Reached skill level 15 in Translocations
 84323 | Tomb:3   | Entered Level 3 of the Tomb of the Ancients
 84366 | Tomb:3   | Noticed Khufu
 84372 | Tomb:3   | Killed Khufu
 84624 | Tomb:3   | Identified Vehumet's Incunabulum of Fiery Attacks (You found it on level 3 of the Tomb of the Ancients)
 84627 | Tomb:3   | Got an ancient bronze ring
 84629 | Tomb:3   | Identified the ring of the Magpie {Fire rN+} (You found it on level 3 of the Tomb of the Ancients)
 84639 | Tomb:3   | Identified the Disquisition on Beguiling
 84653 | Tomb:3   | Identified a +5 rod of ignition (10/10) (You found it on level 3 of the Tomb of the Ancients)
 84658 | Tomb:3   | Got a scorched ruby amulet
 84659 | Tomb:3   | Identified the amulet of the Eleven Nights {Ward rPois rN+ Str+4 Dex-5 Stlth+} (You found it on level 3 of the Tomb of the Ancients)
 84662 | Tomb:3   | Got a shimmering shield
 84673 | Tomb:3   | Identified the +6 shield "Eviagut" {rF+ MR- Int+3 Dex+3} (You found it on level 3 of the Tomb of the Ancients)
 84686 | Tomb:3   | Got a translucent bone ring
 84688 | Tomb:3   | Identified the ring of Fesarrasm {+Fly rElec MR+} (You found it on level 3 of the Tomb of the Ancients)
 84776 | Tomb:3   | Got a golden rune of Zot
 84787 | Tomb:3   | Noticed Mara
 84790 | Tomb:3   | Killed Mara
 84814 | Tomb:3   | Gained mutation: Your spells are harder to cast, but more powerful. [potion of mutation]
 84814 | Tomb:3   | Lost mutation: You are covered in fur (AC +1). [potion of mutation]
 84815 | Tomb:3   | Lost mutation: Your mind is acute. (Int +2) [potion of cure mutation]
 84815 | Tomb:3   | Lost mutation: You are frail (-10% HP). [potion of cure mutation]
 84815 | Tomb:3   | Lost mutation: Your spells are harder to cast, but more powerful. [potion of cure mutation]
 85811 | Hell     | Learned a level 9 spell: Tornado
 85994 | Dis:2    | Reached skill level 5 in Air Magic
 87194 | Dis:6    | Reached skill level 10 in Air Magic
 87766 | Dis:7    | Entered Level 7 of the Iron City of Dis
 88121 | Dis:7    | Reached skill level 15 in Air Magic
 89219 | Dis:7    | Gained mutation: Your magical capacity is low (-10% MP). [mutagenic glow]
 89259 | Dis:7    | Noticed Dispater
 89934 | Dis:7    | Killed Dispater
 89988 | Dis:7    | Got a glittering diamond amulet
 89990 | Dis:7    | Got a warped troll leather armour
 90001 | Dis:7    | Identified the cursed +1 troll leather armour of Ladders and Snakes {MR+ Regen+ Int+3} (You took it off Dispater on level 7 of the Iron City of Dis)
 90026 | Dis:7    | Identified the Grimoire of the Warrior-Mage
 90033 | Dis:7    | Got a faintly glowing executioner's axe
 90045 | Dis:7    | Got a dazzling war axe
 90046 | Dis:7    | Identified the +8 war axe of Stickiness {chop, rElec MR- Dex+2} (You found it on level 7 of the Iron City of Dis)
 90065 | Dis:7    | Got an iron rune of Zot
 90334 | Dis:7    | Identified the Volume of Fiery Battle Magic
 90349 | Dis:7    | Identified the amulet "Leesoc" {rMut -Tele rElec MP+9 Dex+4} (You took it off Dispater on level 7 of the Iron City of Dis)
 90545 | Geh:1    | Reached skill level 1 in Armour
 90787 | Geh:2    | Reached skill level 5 in Armour
 90900 | Geh:2    | Lost mutation: Your spells are a little harder to cast, but a little more powerful. [potion of cure mutation]
 90900 | Geh:2    | Lost mutation: Your magical capacity is low (-10% MP). [potion of cure mutation]
 90900 | Geh:2    | Lost mutation: Your flesh is very cold resistant. [potion of cure mutation]
 91202 | Geh:7    | Entered Level 7 of Gehenna
 91256 | Geh:7    | Reached skill level 10 in Armour
 91817 | Geh:7    | Noticed Asmodeus
 92028 | Geh:7    | Gained mutation: You regenerate slowly when monsters are visible. [mutagenic glow]
 92043 | Geh:7    | Killed Asmodeus
 92091 | Geh:7    | Lost mutation: You regenerate slowly when monsters are visible. [potion of cure mutation]
 92148 | Geh:7    | Got an obsidian rune of Zot
 92989 | Zot:5    | Killed an ancient lich
 93039 | Zot:5    | Noticed an ancient lich
 93058 | Zot:5    | Killed an ancient lich
 93334 | Zot:5    | Noticed an ancient lich
 93341 | Zot:5    | Killed an ancient lich
 93358 | Zot:5    | Noticed an orb of fire
 93364 | Zot:5    | Killed an orb of fire
 93511 | Zot:5    | Noticed an ancient lich
 93514 | Zot:5    | Noticed an orb of fire
 93518 | Zot:5    | Killed an ancient lich
 93530 | Zot:5    | Killed an orb of fire
 93706 | Zot:5    | Noticed an orb of fire
 93712 | Zot:5    | Killed an orb of fire
 93864 | Zot:5    | Noticed an orb of fire
 93873 | Zot:5    | Killed an orb of fire
 93947 | Zot:5    | Noticed an ancient lich
 93954 | Zot:5    | Killed an ancient lich
 94406 | Pan      | Entered Pandemonium
 94462 | Pan      | Noticed Veukhl Uleyw the pandemonium lord
 94464 | Pan      | Killed Veukhl Uleyw the pandemonium lord
 94983 | Pan      | Found an exit through the horrors of the Abyss.
 95480 | Pan      | Found an exit through the horrors of the Abyss.
 95547 | Pan      | Noticed Acishiv the pandemonium lord
 95550 | Pan      | Killed Acishiv the pandemonium lord
 95653 | Pan      | Found an exit through the horrors of the Abyss.
 95679 | Pan      | Noticed Viva the pandemonium lord
 95686 | Pan      | Killed Viva the pandemonium lord
 96077 | Pan      | Noticed an ancient lich
 96080 | Pan      | Found a gateway to a ziggurat.
 96080 | Pan      | Noticed an ancient lich
 96080 | Pan      | Noticed an ancient lich
 96452 | Pan      | Found an exit through the horrors of the Abyss.
 96589 | Pan      | Noticed Mowkugh the pandemonium lord
 96594 | Pan      | Killed Mowkugh the pandemonium lord
 96728 | Pan      | Killed an ancient lich
 96728 | Pan      | Killed an ancient lich
 96731 | Pan      | Killed an ancient lich
 96739 | Zig:1    | Entered Level 1 of a ziggurat
 96758 | Zig:2    | Entered Level 2 of a ziggurat
 96780 | Zig:3    | Entered Level 3 of a ziggurat
 96801 | Zig:4    | Entered Level 4 of a ziggurat
 96822 | Zig:4    | Identified Liro's Reference Book on the Birds
 96826 | Zig:5    | Entered Level 5 of a ziggurat
 96828 | Zig:5    | Noticed an orb of fire
 96834 | Zig:5    | Killed an orb of fire
 96853 | Zig:5    | Learned a level 9 spell: Glaciate
 96914 | Zig:6    | Entered Level 6 of a ziggurat
 96918 | Zig:6    | Reached skill level 1 in Ice Magic
 96946 | Zig:7    | Entered Level 7 of a ziggurat
 96984 | Zig:7    | Reached skill level 5 in Ice Magic
 96990 | Zig:7    | Identified Lehudib's Guide on Conjuration
 97101 | Zig:8    | Entered Level 8 of a ziggurat
 97120 | Zig:8    | Identified Qaomodoi's Disquisition on Necromancy
 97141 | Zig:9    | Entered Level 9 of a ziggurat
 97180 | Zig:10   | Entered Level 10 of a ziggurat
 97192 | Zig:10   | Reached skill level 10 in Ice Magic
 97194 | Zig:10   | Noticed Ostreatz the pandemonium lord
 97198 | Zig:10   | Killed Ostreatz the pandemonium lord
 97216 | Zig:10   | Identified the Catalogue of Stolen Souls and the Escort
 97233 | Zig:10   | Drew Focus: Int increased to 28, Str decreased to 7
 97285 | Zig:11   | Entered Level 11 of a ziggurat
 97299 | Zig:11   | Noticed an ancient lich
 97300 | Zig:11   | Killed an ancient lich
 97326 | Zig:11   | Got a slimy platinum amulet
 97328 | Zig:11   | Identified the amulet "Fatwicw" {rCorr Dex+2} (You found it on level 11 of a ziggurat)
 97357 | Zig:12   | Entered Level 12 of a ziggurat
 97385 | Zig:12   | Identified the Catalogue of the Unstable Rocks (You found it on level 12 of a ziggurat)
 97404 | Zig:12   | Got a coiled crystal amulet
 97405 | Zig:12   | Identified the amulet of Goluzu {rMut +Inv MP+9 Str+3 Dex+2} (You found it on level 12 of a ziggurat)
 97425 | Zig:13   | Entered Level 13 of a ziggurat
 97479 | Zig:14   | Entered Level 14 of a ziggurat
 97498 | Zig:14   | Reached skill level 15 in Ice Magic
 97545 | Zig:15   | Entered Level 15 of a ziggurat
 97577 | Zig:15   | Identified Lehudib's Guide on Conjuration
 97594 | Zig:15   | Got a shimmering tin ring
 97595 | Zig:15   | Identified the ring "Saaluni" {Str+8 Int+2} (You found it on level 15 of a ziggurat)
 97606 | Zig:15   | Got a bloodstained buckler
 97617 | Zig:15   | Identified the -4 buckler "Myrix" {rPois Int+8} (You acquired it on level 15 of a ziggurat)
 97635 | Zig:16   | Entered Level 16 of a ziggurat
 97685 | Zig:16   | Upgraded the game from 0.17.0-7-gfadd4cc to 0.17.0-8-gb983d21
 97707 | Zig:16   | Gained mutation: Your muscles are strong. (Str +2) [mutagenic meat]
 97708 | Zig:16   | Gained mutation: You possess an exceptional clarity of mind. [mutagenic meat]
 97731 | Zig:16   | Got a translucent zirconium amulet
 97732 | Zig:16   | Identified the amulet of the Harvest {Stasis *Confuse rN+ Str+5 SInv} (You found it on level 16 of a ziggurat)
 97767 | Zig:17   | Entered Level 17 of a ziggurat
 97825 | Zig:17   | Identified the Compendium of Darkness
 97864 | Zig:17   | Gained mutation: Your spells are a little harder to cast, but a little more powerful. [potion of beneficial mutation]
 97890 | Zig:17   | Identified the Grimoire of Malediction (You found it on level 17 of a ziggurat)
 97909 | Zig:18   | Entered Level 18 of a ziggurat
 97929 | Zig:18   | Reached skill level 10 in Transmutations
 97959 | Zig:18   | Got a shimmering robe
 97960 | Zig:18   | Identified the +2 robe of the Armoured One {*Contam rF++ rN++} (You found it on level 18 of a ziggurat)
 97990 | Zig:18   | Identified the Catalogue of Glacial Flight
 98010 | Zig:18   | Identified the Reference Book on Vitriolic Confrontation (You found it on level 18 of a ziggurat)
 98059 | Zig:19   | Entered Level 19 of a ziggurat
 98099 | Zig:19   | Identified a +2 rod of destruction (12/12) (You found it on level 19 of a ziggurat)
 98136 | Zig:19   | Identified the Handbook of Harmful Dislocation (You found it on level 19 of a ziggurat)
 98155 | Zig:20   | Entered Level 20 of a ziggurat
 98201 | Zig:20   | Got a scorched demon whip
 98202 | Zig:20   | Identified the +5 demon whip "Arbiter" {elec, MP+9 Stlth+} (You found it on level 20 of a ziggurat)
 98209 | Zig:20   | Identified Vush's Handbook of Poison
 98222 | Zig:20   | Got a pair of twisted gloves
 98233 | Zig:20   | Identified the +1 pair of gloves of Mezcal {+Blink Regen+ Str-3 SInv} (You found it on level 20 of a ziggurat)
 98248 | Zig:20   | Drew Focus: Int increased to 29, Str decreased to 6
 98254 | Zig:21   | Entered Level 21 of a ziggurat
 98302 | Zig:21   | Identified The Last Secrets of Spellcraft
 98316 | Zig:21   | Got a shimmering ruby amulet
 98317 | Zig:21   | Identified the amulet "Osuireju" {Spirit Dex+3} (You found it on level 21 of a ziggurat)
 98321 | Zig:21   | Got a glittering bone ring
 98322 | Zig:21   | Identified the ring "Jioquwn" {+Fly rC- rN++} (You found it on level 21 of a ziggurat)
 98336 | Zig:22   | Entered Level 22 of a ziggurat
 98364 | Zig:22   | Reached skill level 27 in Fighting
 98542 | Zig:23   | Entered Level 23 of a ziggurat
 98590 | Zig:23   | Got a bound brass ring
 98591 | Zig:23   | Identified the ring "Vuhugh" {+Fly MP+9} (You found it on level 23 of a ziggurat)
 98598 | Zig:23   | Gained mutation: Your skin changes colour to match your surroundings (Stealth). [potion of beneficial mutation]
 98607 | Zig:23   | Identified Oca Neis's Catalogue of Beguiling and Protection
 98617 | Zig:23   | Got a glittering lead ring
 98618 | Zig:23   | Identified the ring of Upowies {*Contam rPois Str+7 Int+3} (You found it on level 23 of a ziggurat)
 98631 | Zig:24   | Entered Level 24 of a ziggurat
 98647 | Zig:24   | Noticed an ancient lich
 98653 | Zig:24   | Noticed an ancient lich
 98654 | Zig:24   | Killed an ancient lich
 98654 | Zig:24   | Killed an ancient lich
 98660 | Zig:24   | Noticed an ancient lich
 98662 | Zig:24   | Noticed an ancient lich
 98662 | Zig:24   | Noticed an ancient lich
 98663 | Zig:24   | Killed an ancient lich
 98664 | Zig:24   | Noticed an ancient lich
 98665 | Zig:24   | Killed an ancient lich
 98665 | Zig:24   | Killed an ancient lich
 98668 | Zig:24   | Killed an ancient lich
 98668 | Zig:24   | Reached skill level 27 in Conjurations
 98680 | Zig:24   | Gained mutation: You evolve. [potion of beneficial mutation]
 98690 | Zig:24   | Identified the Collected Works on Curses
 98694 | Zig:24   | Got a sparkling jade amulet
 98695 | Zig:24   | Identified the amulet "Ygropp" {Gourm rElec rPois rN+ Str-4} (You found it on level 24 of a ziggurat)
 98815 | Zig:25   | Entered Level 25 of a ziggurat
 98842 | Zig:25   | Reached skill level 10 in Charms
 99106 | Zig:26   | Entered Level 26 of a ziggurat
 99127 | Zig:26   | Noticed an ancient lich
 99129 | Zig:26   | Noticed an ancient lich
 99133 | Zig:26   | Noticed an ancient lich
 99133 | Zig:26   | Killed an ancient lich
 99135 | Zig:26   | Noticed an ancient lich
 99135 | Zig:26   | Noticed an ancient lich
 99135 | Zig:26   | Noticed an ancient lich
 99135 | Zig:26   | Noticed an ancient lich
 99135 | Zig:26   | Noticed an ancient lich
 99136 | Zig:26   | Killed an ancient lich
 99136 | Zig:26   | Killed an ancient lich
 99139 | Zig:26   | Noticed an ancient lich
 99139 | Zig:26   | Killed an ancient lich
 99139 | Zig:26   | Killed an ancient lich
 99139 | Zig:26   | Killed an ancient lich
 99140 | Zig:26   | Killed an ancient lich
 99142 | Zig:26   | Killed an ancient lich
 99142 | Zig:26   | Killed an ancient lich
 99162 | Zig:26   | Got a warped ruby amulet
 99163 | Zig:26   | Identified the amulet "Doteip" {Inacc *Drain +Fly Str+7 SInv} (You found it on level 26 of a ziggurat)
 99196 | Zig:26   | Identified Ruedauv's Tome of Augmentations and Venom (You found it on level 26 of a ziggurat)
 99264 | Zig:27   | Entered Level 27 of a ziggurat
 99345 | Zig:27   | Got a vibrating copper ring
 99346 | Zig:27   | Identified the ring "Fuwuix" {rF+ MP+9} (You found it on level 27 of a ziggurat)
 99749 | Pan      | Noticed Jiffiufe the pandemonium lord
 99752 | Pan      | Killed Jiffiufe the pandemonium lord
 99774 | Pan      | Got a demonic rune of Zot
 99821 | Pan      | Found an exit through the horrors of the Abyss.
100255 | Pan      | Noticed Cetora the pandemonium lord
100258 | Pan      | Killed Cetora the pandemonium lord
100382 | Pan      | Found an exit through the horrors of the Abyss.
100443 | Pan      | Got a transparent shield
100454 | Pan      | Identified the +0 shield of Prudence {Str+2} (You acquired it in Pandemonium)
100492 | Pan      | Found a huge runed gate.
100545 | Pan      | Noticed Giostopn the pandemonium lord
100548 | Pan      | Killed Giostopn the pandemonium lord
100566 | Depths:3 | Escaped Pandemonium
100682 | Pan      | Entered Pandemonium
100946 | Pan      | Found an exit through the horrors of the Abyss.
101159 | Pan      | Noticed Kiciycs the pandemonium lord
101160 | Pan      | Killed Kiciycs the pandemonium lord
101269 | Pan      | Noticed Baeh Wenteo the pandemonium lord
101271 | Pan      | Killed Baeh Wenteo the pandemonium lord
101416 | Pan      | Found an exit through the horrors of the Abyss.
101416 | Pan      | Noticed Cyel the pandemonium lord
101420 | Pan      | Killed Cyel the pandemonium lord
101498 | Pan      | Noticed Hing the pandemonium lord
101501 | Pan      | Killed Hing the pandemonium lord
101669 | Pan      | Found an exit through the horrors of the Abyss.
101928 | Pan      | Noticed Xaapov the pandemonium lord
101932 | Pan      | Killed Xaapov the pandemonium lord
102104 | Pan      | Noticed Gunuppuf the pandemonium lord
102111 | Pan      | Killed Gunuppuf the pandemonium lord
102391 | Pan      | Found a runed door.
102441 | Pan      | Noticed Animpos the pandemonium lord
102444 | Pan      | Killed Animpos the pandemonium lord
102798 | Pan      | Noticed Mefon the pandemonium lord
102801 | Pan      | Killed Mefon the pandemonium lord
102830 | Pan      | Got an ancient gold dragon armour
102832 | Pan      | Identified the +4 gold dragon armour of Yqovuup {rElec rPois rF+ rC+ rCorr} (You found it in Pandemonium)
102887 | Pan      | Found an exit through the horrors of the Abyss.
102905 | Pan      | Found a runed door.
102968 | Pan      | Noticed Riun the pandemonium lord
102970 | Pan      | Killed Riun the pandemonium lord
103204 | Pan      | Noticed Qyjy the pandemonium lord
103210 | Pan      | Killed Qyjy the pandemonium lord
103349 | Pan      | Noticed Otuf the pandemonium lord
103352 | Pan      | Killed Otuf the pandemonium lord
103564 | Pan      | Lost mutation: Your spells are a little harder to cast, but a little more powerful. [helix card]
103705 | Pan      | Found a gateway to a ziggurat.
103789 | Pan      | Found an exit through the horrors of the Abyss.
103961 | Pan      | Noticed Roaproab the pandemonium lord
103968 | Pan      | Killed Roaproab the pandemonium lord
104162 | Zig:1    | Entered Level 1 of a ziggurat
104211 | Zig:2    | Entered Level 2 of a ziggurat
104236 | Zig:3    | Entered Level 3 of a ziggurat
104271 | Zig:4    | Entered Level 4 of a ziggurat
104305 | Zig:5    | Entered Level 5 of a ziggurat
104308 | Zig:5    | Noticed an ancient lich
104311 | Zig:5    | Noticed an ancient lich
104314 | Zig:5    | Killed an ancient lich
104315 | Zig:5    | Killed an ancient lich
104315 | Zig:5    | Reached skill level 27 in Evocations
104363 | Zig:6    | Entered Level 6 of a ziggurat
104382 | Zig:6    | Got an ancient brass ring
104383 | Zig:6    | Identified the ring "Ynimith" {rPois rN+ MP+9 Int+2 Stlth-} (You found it on level 6 of a ziggurat)
104389 | Zig:6    | Gained mutation: You are resistant to hostile enchantments. [potion of beneficial mutation]
104401 | Zig:7    | Entered Level 7 of a ziggurat
104444 | Zig:8    | Entered Level 8 of a ziggurat
104556 | Zig:9    | Entered Level 9 of a ziggurat
104561 | Zig:9    | Noticed an ancient lich
104565 | Zig:9    | Killed an ancient lich
104567 | Zig:9    | Noticed an ancient lich
104569 | Zig:9    | Killed an ancient lich
104714 | Zig:9    | Gained mutation: You have very sharp teeth. [potion of beneficial mutation]
104717 | Zig:10   | Entered Level 10 of a ziggurat
104724 | Zig:10   | Noticed Huthre Dudo the pandemonium lord
104724 | Zig:10   | Noticed Beiheuf the pandemonium lord
104724 | Zig:10   | Noticed Daforimp the pandemonium lord
104726 | Zig:10   | Noticed Vokkif the pandemonium lord
104726 | Zig:10   | Noticed Nihapt the pandemonium lord
104729 | Zig:10   | Killed Beiheuf the pandemonium lord
104730 | Zig:10   | Killed Daforimp the pandemonium lord
104730 | Zig:10   | Killed Nihapt the pandemonium lord
104730 | Zig:10   | Killed Huthre Dudo the pandemonium lord
104731 | Zig:10   | Killed Vokkif the pandemonium lord
104778 | Zig:10   | Gained mutation: Your mind is acute. (Int +2) [potion of beneficial mutation]
104780 | Zig:10   | Got a slimy platinum ring
104781 | Zig:10   | Identified the ring "Cuboe" {rElec Stlth-} (You found it on level 10 of a ziggurat)
104785 | Zig:10   | Gained mutation: You have sharp toenails. [potion of beneficial mutation]
104787 | Zig:10   | Got a vibrating silver amulet
104788 | Zig:10   | Identified the amulet "Kuxaudeips" {Gourm *Corrode rF+ Str+4 Dex+4} (You found it on level 10 of a ziggurat)
104873 | Zig:11   | Entered Level 11 of a ziggurat
104880 | Zig:11   | Noticed an ancient lich
104885 | Zig:11   | Killed an ancient lich
104913 | Zig:11   | Got a faintly glowing amber ring
104914 | Zig:11   | Identified the ring "Hoiss" {Ice rPois Int-4 Dex+3} (You found it on level 11 of a ziggurat)
104929 | Zig:12   | Entered Level 12 of a ziggurat
104954 | Zig:12   | Reached skill level 27 in Ice Magic
105028 | Zig:12   | Identified Werronk's Almanac of Enhancements and Shape Shifting
105042 | Zig:13   | Entered Level 13 of a ziggurat
105115 | Zig:14   | Entered Level 14 of a ziggurat
105129 | Zig:14   | Noticed a juggernaut
105132 | Zig:14   | Killed a juggernaut
105135 | Zig:14   | Noticed a juggernaut
105137 | Zig:14   | Killed a juggernaut
105332 | Zig:15   | Entered Level 15 of a ziggurat
105350 | Zig:15   | Noticed an ancient lich
105350 | Zig:15   | Noticed an ancient lich
105351 | Zig:15   | Killed an ancient lich
105352 | Zig:15   | Killed an ancient lich
105372 | Zig:15   | Got a clouded pewter ring
105373 | Zig:15   | Identified the ring "Eheamakh" {Ice Str-5 Int+6} (You found it on level 15 of a ziggurat)
105409 | Zig:15   | Identified the Incunabulum of the Harmful Arsonist
105488 | Zig:16   | Entered Level 16 of a ziggurat
105501 | Zig:16   | Noticed Piedeo the pandemonium lord
105501 | Zig:16   | Noticed Pomoecis the pandemonium lord
105502 | Zig:16   | Noticed Nutto the pandemonium lord
105502 | Zig:16   | Noticed Koufroz the pandemonium lord
105502 | Zig:16   | Noticed Odew the pandemonium lord
105503 | Zig:16   | Noticed Voacyf the pandemonium lord
105509 | Zig:16   | Killed Pomoecis the pandemonium lord
105516 | Zig:16   | Killed Koufroz the pandemonium lord
105516 | Zig:16   | Killed Piedeo the pandemonium lord
105517 | Zig:16   | Killed Odew the pandemonium lord
105517 | Zig:16   | Killed Voacyf the pandemonium lord
105521 | Zig:16   | Killed Nutto the pandemonium lord
105523 | Zig:16   | Noticed Dissa the pandemonium lord
105526 | Zig:16   | Killed Dissa the pandemonium lord
105532 | Zig:16   | Killed Rotelipump the pandemonium lord
105535 | Zig:16   | Noticed Fopin the pandemonium lord
105541 | Zig:16   | Killed Fopin the pandemonium lord
105631 | Zig:16   | Got a wavering bone ring
105632 | Zig:16   | Identified the ring "Haanip" {SustAt rN+ Str+2 Dex+4} (You found it on level 16 of a ziggurat)
105689 | Zig:17   | Entered Level 17 of a ziggurat
105740 | Zig:17   | Got a wavering silver ring
105741 | Zig:17   | Identified the ring of Xuzamp {rElec rC+ rN++ MR+ Str-3} (You found it on level 17 of a ziggurat)
105841 | Zig:18   | Entered Level 18 of a ziggurat
105912 | Zig:18   | Got a pair of steaming boots
105913 | Zig:18   | Identified the cursed -3 pair of boots of Zethra {Str+3 SInv} (You found it on level 18 of a ziggurat)
105927 | Zig:18   | Got a heavily jewelled robe
105928 | Zig:18   | Identified the +1 robe of Hempid {rElec MR+ Int+2 Dex-3} (You found it on level 18 of a ziggurat)
105986 | Zig:19   | Entered Level 19 of a ziggurat
106004 | Zig:19   | Noticed an ancient lich
106005 | Zig:19   | Noticed an ancient lich
106006 | Zig:19   | Reached skill level 1 in Throwing
106008 | Zig:19   | Reached skill level 5 in Throwing
106010 | Zig:19   | Killed an ancient lich
106010 | Zig:19   | Reached skill level 10 in Throwing
106012 | Zig:19   | Noticed an ancient lich
106012 | Zig:19   | Killed an ancient lich
106015 | Zig:19   | Killed an ancient lich
106019 | Zig:19   | Noticed an ancient lich
106020 | Zig:19   | Killed an ancient lich
106022 | Zig:19   | Noticed an ancient lich
106024 | Zig:19   | Killed an ancient lich
106050 | Zig:19   | Got a warped wooden ring
106061 | Zig:19   | Identified the cursed ring "Agota" {rC+ MR++ Str-2 Int+4 Dex-2} (You found it on level 19 of a ziggurat)
106148 | Zig:20   | Entered Level 20 of a ziggurat
106209 | Zig:20   | Reached skill level 27 in Air Magic
106219 | Zig:20   | Got a heavily runed iron ring
106220 | Zig:20   | Identified the ring of Jiuhem {rC+ Int+3} (You found it on level 20 of a ziggurat)
106323 | Zig:21   | Entered Level 21 of a ziggurat
106393 | Zig:21   | Got a smoking lead ring
106394 | Zig:21   | Identified the ring of Propriety {rPois rF+ MR- Str+2 Dex+5} (You found it on level 21 of a ziggurat)
106409 | Zig:21   | Got a transparent chain mail
106410 | Zig:21   | Identified the +0 chain mail "Ymastri" {MP+9} (You acquired it on level 21 of a ziggurat)
106423 | Zig:21   | Got a steaming wooden ring
106428 | Zig:21   | Identified the ring of Tuudwen {MR+ Dex+4} (You found it on level 21 of a ziggurat)
106432 | Zig:21   | Got a bound jade ring
106433 | Zig:21   | Identified the ring "Pithohez" {rPois MR- Str+6 Dex-4 SInv} (You found it on level 21 of a ziggurat)
106478 | Zig:22   | Entered Level 22 of a ziggurat
106504 | Zig:22   | Reached skill level 10 in Dodging
106554 | Zig:22   | Hired Ogrehi the deep elf conjurer for 676 gold.
106555 | Zig:22   | Hired Boruk the orc knight for 539 gold.
106599 | Zig:22   | Got a pair of twisted gloves
106610 | Zig:22   | Identified the -4 pair of gloves of Extea {Str+4 Stlth+} (You acquired it on level 22 of a ziggurat)
106650 | Zig:22   | Hired Soyfufad the minotaur for 1197 gold.
106652 | Zig:23   | Entered Level 23 of a ziggurat
106683 | Zig:23   | Reached skill level 15 in Dodging
106727 | Zig:23   | Got a faintly glowing brass ring
106728 | Zig:23   | Identified the ring "Seceomu" {-Tele rPois Str+6 Dex+3} (You found it on level 23 of a ziggurat)
106826 | Zig:24   | Entered Level 24 of a ziggurat
106844 | Zig:24   | Noticed Caunaos the pandemonium lord
106844 | Zig:24   | Noticed Reograwu the pandemonium lord
106847 | Zig:24   | Noticed Ceak the pandemonium lord
106847 | Zig:24   | Noticed Igri the pandemonium lord
106847 | Zig:24   | Noticed Sintafy the pandemonium lord
106847 | Zig:24   | Noticed Eteadow the pandemonium lord
106848 | Zig:24   | Noticed Cofutea the pandemonium lord
106848 | Zig:24   | Killed Caunaos the pandemonium lord
106849 | Zig:24   | Noticed Cylecaz the pandemonium lord
106849 | Zig:24   | Killed Reograwu the pandemonium lord
106850 | Zig:24   | Noticed Inoimoq the pandemonium lord
106850 | Zig:24   | Noticed Tyawn the pandemonium lord
106850 | Zig:24   | Noticed Fostox the pandemonium lord
106850 | Zig:24   | Killed Igri the pandemonium lord
106850 | Zig:24   | Killed Eteadow the pandemonium lord
106851 | Zig:24   | Noticed Modyrch the pandemonium lord
106851 | Zig:24   | Noticed Diumoifu the pandemonium lord
106851 | Zig:24   | Noticed Ucuzefol the pandemonium lord
106851 | Zig:24   | Killed Ceak the pandemonium lord
106852 | Zig:24   | Noticed Liteom the pandemonium lord
106852 | Zig:24   | Noticed Dofi the pandemonium lord
106853 | Zig:24   | Noticed Wuysaeg the pandemonium lord
106853 | Zig:24   | Noticed Sighuxan the pandemonium lord
106854 | Zig:24   | Noticed Vuecrybad the pandemonium lord
106854 | Zig:24   | Noticed Faufuipn the pandemonium lord
106854 | Zig:24   | Noticed Izaukoj the pandemonium lord
106855 | Zig:24   | Killed Sighuxan the pandemonium lord
106855 | Zig:24   | Killed Cylecaz the pandemonium lord
106857 | Zig:24   | Killed Sintafy the pandemonium lord
106857 | Zig:24   | Killed Inoimoq the pandemonium lord
106859 | Zig:24   | Killed Dofi the pandemonium lord
106860 | Zig:24   | Killed Wuysaeg the pandemonium lord
106860 | Zig:24   | Killed Diumoifu the pandemonium lord
106860 | Zig:24   | Killed Fostox the pandemonium lord
106862 | Zig:24   | Killed Ucuzefol the pandemonium lord
106863 | Zig:24   | Noticed Faun Dupn the pandemonium lord
106863 | Zig:24   | Killed Vuecrybad the pandemonium lord
106863 | Zig:24   | Killed Modyrch the pandemonium lord
106865 | Zig:24   | Noticed Unuqel the pandemonium lord
106867 | Zig:24   | Noticed Duaz the pandemonium lord
106867 | Zig:24   | Killed Faun Dupn the pandemonium lord
106867 | Zig:24   | Killed Izaukoj the pandemonium lord
106868 | Zig:24   | Noticed Yrry the pandemonium lord
106868 | Zig:24   | Killed Duaz the pandemonium lord
106868 | Zig:24   | Killed Liteom the pandemonium lord
106869 | Zig:24   | Noticed Lygeux the pandemonium lord
106870 | Zig:24   | Killed Faufuipn the pandemonium lord
106871 | Zig:24   | Noticed Ysteidgh the pandemonium lord
106872 | Zig:24   | Noticed Heis Zoo the pandemonium lord
106872 | Zig:24   | Killed Lygeux the pandemonium lord
106873 | Zig:24   | Killed Yrry the pandemonium lord
106873 | Zig:24   | Killed Unuqel the pandemonium lord
106874 | Zig:24   | Noticed Vueg the pandemonium lord
106875 | Zig:24   | Noticed Zacivaz the pandemonium lord
106875 | Zig:24   | Killed Ysteidgh the pandemonium lord
106876 | Zig:24   | Killed Heis Zoo the pandemonium lord
106878 | Zig:24   | Noticed a juggernaut
106878 | Zig:24   | Noticed Lelemyx the pandemonium lord
106879 | Zig:24   | Killed Cofutea the pandemonium lord
106880 | Zig:24   | Killed Vueg the pandemonium lord
106881 | Zig:24   | Killed Zacivaz the pandemonium lord
106881 | Zig:24   | Killed Tyawn the pandemonium lord
106881 | Zig:24   | Killed a juggernaut
106885 | Zig:24   | Killed Lelemyx the pandemonium lord
106886 | Zig:24   | Noticed Zaila the pandemonium lord
106886 | Zig:24   | Killed Zaila the pandemonium lord
106891 | Zig:24   | Noticed Boel the pandemonium lord
106894 | Zig:24   | Killed Boel the pandemonium lord
106938 | Zig:24   | Got a transparent zirconium amulet
106939 | Zig:24   | Identified the amulet "Cuotes" {Stasis rN+} (You found it on level 24 of a ziggurat)
106944 | Zig:24   | Got a brightly glowing ruby amulet
106945 | Zig:24   | Identified the amulet of Mistrust {rCorr Dex+5} (You found it on level 24 of a ziggurat)
106948 | Zig:24   | Got a twisted robe
106949 | Zig:24   | Identified the +3 robe of Midsummer {rElec} (You found it on level 24 of a ziggurat)
106978 | Zig:24   | Got a translucent wooden ring
106979 | Zig:24   | Identified the ring "Parab" {*Corrode +Blink rPois rN+} (You found it on level 24 of a ziggurat)
107104 | Zig:25   | Entered Level 25 of a ziggurat
107191 | Zig:25   | Gained mutation: You are robust (+10% HP). [potion of beneficial mutation]
107200 | Zig:25   | Got a sparkling golden ring
107201 | Zig:25   | Identified the ring "Kuwnam" {Fire rPois MR- Str+10} (You found it on level 25 of a ziggurat)
107287 | Zig:26   | Entered Level 26 of a ziggurat
107449 | Zig:26   | Got a brightly glowing turquoise ring
107450 | Zig:26   | Identified the ring "Ytzykk" {+/*Tele Dex+3} (You found it on level 26 of a ziggurat)
107453 | Zig:26   | Got a clouded tin ring
107454 | Zig:26   | Identified the ring "Zeokuw" {*Corrode rF- rC+ Dex+9 Stlth+} (You found it on level 26 of a ziggurat)
107457 | Zig:26   | Got a crude glass ring
107458 | Zig:26   | Identified the ring "Gaiduoreoch" {rC+ MP+9 SInv} (You found it on level 26 of a ziggurat)
107472 | Zig:27   | Entered Level 27 of a ziggurat
107506 | Zig:27   | Reached skill level 27 in Dodging
107506 | Zig:27   | Reached skill level 1 in Unarmed Combat
107509 | Zig:27   | Reached skill level 5 in Unarmed Combat
107534 | Zig:27   | Reached skill level 10 in Unarmed Combat
107621 | Zig:27   | Identified the Collected Works on the Lethal Birds
107700 | Pan      | Noticed Vaxzamuph the pandemonium lord
107703 | Pan      | Killed Vaxzamuph the pandemonium lord
107724 | Pan      | Identified the Grimoire of Flight
107727 | Pan      | Entered the realm of Mnoleg.
107737 | Pan      | Reached skill level 10 in Earth Magic
107801 | Pan      | Noticed Mnoleg
107806 | Pan      | Killed Mnoleg
107827 | Pan      | Got a glowing rune of Zot
107850 | Pan      | Hired Daffiokh the infernal demonspawn for 597 gold.
107893 | Pan      | Found an exit through the horrors of the Abyss.
107937 | Pan      | Found a gateway to a ziggurat.
108055 | Zig:1    | Entered Level 1 of a ziggurat
108089 | Zig:2    | Entered Level 2 of a ziggurat
108113 | Zig:3    | Entered Level 3 of a ziggurat
108155 | Zig:4    | Entered Level 4 of a ziggurat
108183 | Zig:4    | Got a transparent turquoise ring
108184 | Zig:4    | Identified the ring "Asmookoq" {rElec rC+ Int+5 Dex-2 Stlth+} (You found it on level 4 of a ziggurat)
108193 | Zig:4    | Got a clouded copper amulet
108194 | Zig:4    | Identified the amulet of Yredelemnul's Esteem {Regen+ MP+9} (You found it on level 4 of a ziggurat)
108199 | Zig:5    | Entered Level 5 of a ziggurat
108222 | Zig:5    | Got a warped shield
108233 | Zig:5    | Identified the -2 shield "Anet" {rElec MR+ MP+9 Int+4} (You acquired it on level 5 of a ziggurat)
108238 | Zig:5    | Got a wavering ruby amulet
108246 | Zig:5    | Identified the amulet "Datas" {rCorr rF+} (You found it on level 5 of a ziggurat)
108263 | Zig:6    | Entered Level 6 of a ziggurat
108271 | Zig:6    | Reached skill level 15 in Armour
108299 | Zig:7    | Entered Level 7 of a ziggurat
108343 | Zig:7    | Identified the Collected Works on Doomed Summoning (You found it on level 7 of a ziggurat)
108354 | Zig:8    | Entered Level 8 of a ziggurat
108401 | Zig:9    | Entered Level 9 of a ziggurat
108439 | Zig:9    | Identified the Papyrus of the Voyage and Intoxication (You found it on level 9 of a ziggurat)
108484 | Zig:10   | Entered Level 10 of a ziggurat
108546 | Zig:10   | Drew Focus: Int increased to 30, Str decreased to 5
108574 | Zig:11   | Entered Level 11 of a ziggurat
108623 | Zig:11   | Gained mutation: You can spit weak poison. [potion of beneficial mutation]
108625 | Zig:11   | Got a scorched marble ring
108626 | Zig:11   | Identified the ring of Charity {*Confuse rN+ MR+ Int+3 Stlth-} (You found it on level 11 of a ziggurat)
108654 | Zig:12   | Entered Level 12 of a ziggurat
108874 | Zig:13   | Entered Level 13 of a ziggurat
108890 | Zig:13   | Noticed Zamu Myu the pandemonium lord
108900 | Zig:13   | Killed Zamu Myu the pandemonium lord
109130 | Zig:14   | Entered Level 14 of a ziggurat
109139 | Zig:14   | Noticed an orb of fire
109141 | Zig:14   | Noticed an orb of fire
109142 | Zig:14   | Noticed an orb of fire
109142 | Zig:14   | Noticed an orb of fire
109142 | Zig:14   | Noticed an orb of fire
109143 | Zig:14   | Noticed an orb of fire
109144 | Zig:14   | Noticed an orb of fire
109144 | Zig:14   | Killed an orb of fire
109146 | Zig:14   | Killed an orb of fire
109147 | Zig:14   | Noticed an orb of fire
109149 | Zig:14   | Noticed an orb of fire
109149 | Zig:14   | Killed an orb of fire
109149 | Zig:14   | Killed an orb of fire
109149 | Zig:14   | Killed an orb of fire
109152 | Zig:14   | Noticed an orb of fire
109152 | Zig:14   | Killed an orb of fire
109153 | Zig:14   | Noticed an orb of fire
109153 | Zig:14   | Killed an orb of fire
109154 | Zig:14   | Killed an orb of fire
109155 | Zig:14   | Noticed an orb of fire
109155 | Zig:14   | Noticed an orb of fire
109157 | Zig:14   | Killed an orb of fire
109158 | Zig:14   | Killed an orb of fire
109158 | Zig:14   | Killed an orb of fire
109158 | Zig:14   | Killed an orb of fire
109160 | Zig:14   | Killed an orb of fire
109164 | Zig:14   | Reached skill level 27 in Fire Magic
109323 | Zig:15   | Entered Level 15 of a ziggurat
109388 | Zig:15   | Got a sparkling amber ring
109389 | Zig:15   | Identified the ring of Wufar {Wiz rElec rF- Int+3} (You found it on level 15 of a ziggurat)
109552 | Zig:16   | Entered Level 16 of a ziggurat
109677 | Zig:17   | Entered Level 17 of a ziggurat
109721 | Zig:17   | Got a twitching amber ring
109722 | Zig:17   | Identified the ring of Ethics {Ice Dex+3 Stlth+} (You found it on level 17 of a ziggurat)
109727 | Zig:17   | Got an ancient iron ring
109728 | Zig:17   | Identified the ring "Gankero" {rPois rF+} (You found it on level 17 of a ziggurat)
109736 | Zig:18   | Entered Level 18 of a ziggurat
109753 | Zig:18   | Reached skill level 27 in Necromancy
109766 | Zig:18   | Reached skill level 15 in Charms
109797 | Zig:18   | Got a heavily runed bone ring
109798 | Zig:18   | Identified the ring "Beacleig" {rC+ MP+9 Int-5 Slay+2} (You found it on level 18 of a ziggurat)
109842 | Zig:19   | Entered Level 19 of a ziggurat
110094 | Zig:20   | Entered Level 20 of a ziggurat
110102 | Zig:20   | Noticed Momaak the pandemonium lord
110103 | Zig:20   | Noticed Seina the pandemonium lord
110106 | Zig:20   | Noticed Baabufiu the pandemonium lord
110106 | Zig:20   | Noticed Jinih the pandemonium lord
110106 | Zig:20   | Noticed Qulir the pandemonium lord
110114 | Zig:20   | Noticed Ytokoruo the pandemonium lord
110114 | Zig:20   | Noticed Fasynouss the pandemonium lord
110115 | Zig:20   | Noticed Curpheghedd the pandemonium lord
110117 | Zig:20   | Noticed Vevuxof the pandemonium lord
110119 | Zig:20   | Noticed Wyhuoh the pandemonium lord
110119 | Zig:20   | Noticed Toucet the pandemonium lord
110119 | Zig:20   | Noticed Kucuc the pandemonium lord
110119 | Zig:20   | Noticed Imecis the pandemonium lord
110119 | Zig:20   | Noticed Daxtid the pandemonium lord
110120 | Zig:20   | Noticed Dame the pandemonium lord
110120 | Zig:20   | Noticed Xiocolewk the pandemonium lord
110120 | Zig:20   | Noticed Qyolag the pandemonium lord
110122 | Zig:20   | Noticed Liclohes the pandemonium lord
110123 | Zig:20   | Noticed Pufui the pandemonium lord
110123 | Zig:20   | Killed Daxtid the pandemonium lord
110124 | Zig:20   | Noticed Ustalia the pandemonium lord
110125 | Zig:20   | Killed Qyolag the pandemonium lord
110125 | Zig:20   | Killed Dame the pandemonium lord
110125 | Zig:20   | Killed Imecis the pandemonium lord
110127 | Zig:20   | Noticed Giutorre the pandemonium lord
110128 | Zig:20   | Noticed Vici the pandemonium lord
110128 | Zig:20   | Killed Liclohes the pandemonium lord
110128 | Zig:20   | Killed Xiocolewk the pandemonium lord
110130 | Zig:20   | Killed Wyhuoh the pandemonium lord
110130 | Zig:20   | Killed Kucuc the pandemonium lord
110132 | Zig:20   | Noticed Gakhlupo the pandemonium lord
110132 | Zig:20   | Killed Toucet the pandemonium lord
110132 | Zig:20   | Killed Ustalia the pandemonium lord
110134 | Zig:20   | Noticed Zoruot the pandemonium lord
110134 | Zig:20   | Killed Giutorre the pandemonium lord
110134 | Zig:20   | Killed Pufui the pandemonium lord
110135 | Zig:20   | Noticed Tunadwef the pandemonium lord
110135 | Zig:20   | Noticed Kiolenn the pandemonium lord
110136 | Zig:20   | Killed Momaak the pandemonium lord
110137 | Zig:20   | Noticed Fiduv the pandemonium lord
110137 | Zig:20   | Noticed Beacad the pandemonium lord
110137 | Zig:20   | Noticed Enaokuug the pandemonium lord
110145 | Zig:20   | Killed Vici the pandemonium lord
110145 | Zig:20   | Killed Zoruot the pandemonium lord
110146 | Zig:20   | Noticed Ithrabbyu the pandemonium lord
110146 | Zig:20   | Noticed Ivinuw the pandemonium lord
110146 | Zig:20   | Noticed Gibeved the pandemonium lord
110146 | Zig:20   | Noticed Voelitam the pandemonium lord
110146 | Zig:20   | Noticed Uplu the pandemonium lord
110146 | Zig:20   | Noticed Ruaghayv the pandemonium lord
110150 | Zig:20   | Killed Gakhlupo the pandemonium lord
110150 | Zig:20   | Killed Beacad the pandemonium lord
110150 | Zig:20   | Paralysed by a giant eyeball for 4 turns
110155 | Zig:20   | Noticed Fipinwad the pandemonium lord
110160 | Zig:20   | Killed Ivinuw the pandemonium lord
110163 | Zig:20   | Killed Fipinwad the pandemonium lord
110164 | Zig:20   | Noticed Rorgh the pandemonium lord
110164 | Zig:20   | Killed Baabufiu the pandemonium lord
110165 | Zig:20   | Killed Voelitam the pandemonium lord
110165 | Zig:20   | Killed Ithrabbyu the pandemonium lord
110169 | Zig:20   | Noticed Ecehad the pandemonium lord
110169 | Zig:20   | Killed Enaokuug the pandemonium lord
110170 | Zig:20   | Killed Fiduv the pandemonium lord
110170 | Zig:20   | Killed Rorgh the pandemonium lord
110171 | Zig:20   | Killed Curpheghedd the pandemonium lord
110171 | Zig:20   | Killed Ecehad the pandemonium lord
110172 | Zig:20   | Noticed Soacwo Yrr the pandemonium lord
110172 | Zig:20   | Killed Ytokoruo the pandemonium lord
110172 | Zig:20   | Killed Jinih the pandemonium lord
110174 | Zig:20   | Killed Qulir the pandemonium lord
110174 | Zig:20   | Killed Soacwo Yrr the pandemonium lord
110175 | Zig:20   | Killed Uplu the pandemonium lord
110176 | Zig:20   | Killed Gibeved the pandemonium lord
110178 | Zig:20   | Killed Kiolenn the pandemonium lord
110180 | Zig:20   | Killed Fasynouss the pandemonium lord
110184 | Zig:20   | Killed Seina the pandemonium lord
110186 | Zig:20   | Killed Tunadwef the pandemonium lord
110186 | Zig:20   | Killed Vevuxof the pandemonium lord
110187 | Zig:20   | Killed Ruaghayv the pandemonium lord
110233 | Zig:20   | Got an ancient ivory ring
110234 | Zig:20   | Identified the ring "Letzavau" {rElec MP+9 SInv} (You found it on level 20 of a ziggurat)
110333 | Zig:21   | Entered Level 21 of a ziggurat
110347 | Zig:21   | Reached skill level 5 in Staves
110353 | Zig:21   | Reached skill level 10 in Staves
110598 | Zig:22   | Entered Level 22 of a ziggurat
110614 | Zig:22   | Reached skill level 15 in Staves
110630 | Zig:22   | Reached skill level 15 in Throwing
110707 | Zig:22   | Identified the Compendium of Calling and the Snowflakes (You found it on level 22 of a ziggurat)
110762 | Zig:23   | Entered Level 23 of a ziggurat
110783 | Zig:23   | Paralysed by a hornet for 3 turns
110833 | Zig:23   | Gained mutation: You are very robust (+20% HP). [potion of beneficial mutation]
110841 | Zig:23   | Got a pair of dazzling boots
110842 | Zig:23   | Identified the +2 pair of boots of Purpose {rPois rF++ rCorr Dex-4} (You found it on level 23 of a ziggurat)
110932 | Zig:24   | Entered Level 24 of a ziggurat
111039 | Zig:24   | Got a coiled jade ring
111040 | Zig:24   | Identified the ring "Hahiutwa" {Fire MR+ Int+3} (You found it on level 24 of a ziggurat)
111047 | Zig:24   | Got a brightly glowing ivory amulet
111048 | Zig:24   | Identified the amulet "Hoant" {Inacc rElec rPois rN+ MR+ Stlth-} (You found it on level 24 of a ziggurat)
111053 | Zig:24   | Identified the Catalogue of Combat Magic and Intoxication (You found it on level 24 of a ziggurat)
111056 | Zig:24   | Got a shimmering platinum amulet
111057 | Zig:24   | Identified the amulet "Cepsuom" {rMut +Blink rC+ rN+ Dex+4} (You found it on level 24 of a ziggurat)
111084 | Zig:25   | Entered Level 25 of a ziggurat
111166 | Zig:25   | Got a shimmering bone amulet
111167 | Zig:25   | Identified the amulet "Baotore" {Faith MR+ Str+2 Int+4} (You found it on level 25 of a ziggurat)
111184 | Zig:25   | Got a glittering steel ring
111185 | Zig:25   | Identified the ring "Guxom" {Wiz rPois} (You found it on level 25 of a ziggurat)
111241 | Zig:26   | Entered Level 26 of a ziggurat
111261 | Zig:26   | Reached skill level 27 in Throwing
111317 | Zig:26   | Gained mutation: Your system is resistant to poisons. [potion of beneficial mutation]
111483 | Zig:27   | Entered Level 27 of a ziggurat
111506 | Zig:27   | Reached skill level 27 in Armour
111524 | Zig:27   | Reached skill level 27 in Shields
111782 | Pan      | Found an exit through the horrors of the Abyss.
111887 | Pan      | Noticed Voanaocs the pandemonium lord
111891 | Pan      | Killed Voanaocs the pandemonium lord
111938 | Pan      | Found an exit through the horrors of the Abyss.
111948 | Pan      | Found a runed door.
111966 | Pan      | Found a runed door.
111966 | Pan      | Noticed Agocoin the pandemonium lord
111970 | Pan      | Killed Agocoin the pandemonium lord
111998 | Pan      | Found a runed door.
111998 | Pan      | Found a runed door.
112043 | Pan      | Noticed an ancient lich
112044 | Pan      | Found a gateway to a ziggurat.
112044 | Pan      | Noticed an ancient lich
112047 | Pan      | Killed an ancient lich
112047 | Pan      | Killed an ancient lich
112114 | Pan      | Noticed Notetuc the pandemonium lord
112116 | Pan      | Killed Notetuc the pandemonium lord
112505 | Pan      | Noticed Nayfaubo the pandemonium lord
112514 | Pan      | Killed Nayfaubo the pandemonium lord
112571 | Pan      | Noticed Foib the pandemonium lord
112574 | Pan      | Killed Foib the pandemonium lord
112592 | Pan      | Noticed Ignacio
112598 | Pan      | Killed Ignacio
112683 | Pan      | Noticed an ancient lich
112685 | Pan      | Noticed an ancient lich
112686 | Pan      | Found a gateway to a ziggurat.
112689 | Pan      | Killed an ancient lich
112689 | Pan      | Killed an ancient lich
112714 | Zig:1    | Entered Level 1 of a ziggurat
112728 | Zig:2    | Entered Level 2 of a ziggurat
112765 | Zig:3    | Entered Level 3 of a ziggurat
112785 | Zig:4    | Entered Level 4 of a ziggurat
112785 | Zig:4    | Noticed an ancient lich
112785 | Zig:4    | Noticed an ancient lich
112787 | Zig:4    | Killed an ancient lich
112788 | Zig:4    | Killed an ancient lich
112789 | Zig:4    | Noticed an ancient lich
112790 | Zig:4    | Killed an ancient lich
112809 | Zig:5    | Entered Level 5 of a ziggurat
112854 | Zig:6    | Entered Level 6 of a ziggurat
112856 | Zig:6    | Paralysed by accursed screaming for 1 turns
113000 | Zig:7    | Entered Level 7 of a ziggurat
113254 | Zig:8    | Entered Level 8 of a ziggurat
113497 | Zig:9    | Entered Level 9 of a ziggurat
113537 | Zig:10   | Entered Level 10 of a ziggurat
113548 | Zig:10   | Reached skill level 27 in Charms
113589 | Zig:10   | Got a shimmering tin ring
113590 | Zig:10   | Identified the ring of Feof {+Inv MR+ Int+3} (You found it on level 10 of a ziggurat)
113674 | Zig:11   | Entered Level 11 of a ziggurat
113681 | Zig:11   | Reached skill level 15 in Earth Magic
113764 | Zig:12   | Entered Level 12 of a ziggurat
113770 | Zig:12   | Noticed an ancient lich
113783 | Zig:12   | Killed an ancient lich
113956 | Zig:13   | Entered Level 13 of a ziggurat
113983 | Zig:13   | Noticed an ancient lich
113985 | Zig:13   | Killed an ancient lich
114018 | Zig:13   | Gained mutation: Your flesh is heat resistant. [potion of beneficial mutation]
114030 | Zig:13   | Got a heavy robe
114031 | Zig:13   | Identified the +1 robe of Boiling Hail {*Confuse rC++ Regen+ Dex+4} (You found it on level 13 of a ziggurat)
114364 | Zig:14   | Entered Level 14 of a ziggurat
114377 | Zig:14   | Noticed an ancient lich
114380 | Zig:14   | Killed an ancient lich
114560 | Zig:15   | Entered Level 15 of a ziggurat
114570 | Zig:15   | Noticed an ancient lich
114576 | Zig:15   | Killed an ancient lich
114579 | Zig:15   | Reached skill level 27 in Earth Magic
114666 | Zig:16   | Entered Level 16 of a ziggurat
114675 | Zig:16   | Noticed an ancient lich
114688 | Zig:16   | Noticed an ancient lich
114692 | Zig:17   | Entered Level 17 of a ziggurat
114894 | Zig:18   | Entered Level 18 of a ziggurat
114906 | Zig:18   | Noticed an ancient lich
114906 | Zig:18   | Noticed an ancient lich
114910 | Zig:18   | Killed an ancient lich
114912 | Zig:18   | Noticed an ancient lich
114912 | Zig:18   | Noticed an ancient lich
114912 | Zig:18   | Noticed an ancient lich
114916 | Zig:18   | Killed an ancient lich
114916 | Zig:18   | Killed an ancient lich
114918 | Zig:18   | Noticed an ancient lich
114918 | Zig:18   | Noticed an ancient lich
114918 | Zig:18   | Reached skill level 27 in Staves
114920 | Zig:18   | Killed an ancient lich
114921 | Zig:18   | Noticed an ancient lich
114924 | Zig:18   | Killed an ancient lich
114924 | Zig:18   | Reached skill level 15 in Unarmed Combat
114926 | Zig:18   | Killed an ancient lich
114926 | Zig:18   | Killed an ancient lich
114928 | Zig:18   | Killed an ancient lich
114995 | Zig:18   | Got a steaming golden ring
114996 | Zig:18   | Identified the ring of Harmony {rPois rN+ MR+} (You found it on level 18 of a ziggurat)
115142 | Zig:19   | Entered Level 19 of a ziggurat
115154 | Zig:19   | Noticed an ancient lich
115156 | Zig:19   | Upgraded the game from 0.17.0-8-gb983d21 to 0.17.0-9-g801d43b
115161 | Zig:19   | Killed an ancient lich
115173 | Zig:19   | Reached skill level 15 in Transmutations
115311 | Zig:19   | Got a pair of translucent boots
115322 | Zig:19   | Identified the -5 pair of boots of Analysis {+Fly rElec rPois MP+9} (You acquired it on level 19 of a ziggurat)
115344 | Zig:19   | Got a vibrating copper ring
115345 | Zig:19   | Identified the ring of Wutiamas {MP-9 Str+8 Slay-5 Stlth+} (You found it on level 19 of a ziggurat)
115352 | Zig:19   | Identified the Grimoire of Darkness (You found it on level 19 of a ziggurat)
115367 | Zig:19   | Identified a +5 rod of shadows (12/12) (You found it on level 19 of a ziggurat)
115398 | Zig:20   | Entered Level 20 of a ziggurat
115481 | Zig:20   | Got a translucent lapis lazuli ring
115482 | Zig:20   | Identified the ring of Fim Tizxy {rF+ rC++ Int-4 Slay+3} (You found it on level 20 of a ziggurat)
115491 | Zig:20   | Got a steaming steel ring
115492 | Zig:20   | Identified the ring of Juovi {rC- Str+7 SInv Stlth+} (You found it on level 20 of a ziggurat)
115555 | Zig:21   | Entered Level 21 of a ziggurat
115594 | Zig:21   | Reached skill level 27 in Transmutations
115612 | Zig:21   | Killed Qauc the pandemonium lord
115655 | Zig:21   | Identified the Volume of Cold (You found it on level 21 of a ziggurat)
115668 | Zig:21   | Got a slimy robe
115669 | Zig:21   | Identified the +2 robe "Esheuru" {MP-9 Str-3 Dex+6} (You found it on level 21 of a ziggurat)
115706 | Zig:22   | Entered Level 22 of a ziggurat
115723 | Zig:22   | Reached skill level 1 in Axes
115723 | Zig:22   | Reached skill level 5 in Axes
115728 | Zig:22   | Reached skill level 10 in Axes
115742 | Zig:22   | Reached skill level 15 in Axes
115781 | Zig:22   | Got a shimmering wooden ring
115782 | Zig:22   | Identified the ring "Xaangiv" {rC+ rN+} (You found it on level 22 of a ziggurat)
115786 | Zig:22   | Got a warped jade ring
115787 | Zig:22   | Identified the ring "Voserchai" {EV+5 Str+2} (You found it on level 22 of a ziggurat)
115791 | Zig:22   | Identified the Almanac of Aid (You found it on level 22 of a ziggurat)
115864 | Zig:23   | Entered Level 23 of a ziggurat
115907 | Zig:23   | Noticed an ancient lich
115909 | Zig:23   | Noticed an ancient lich
115914 | Zig:23   | Killed an ancient lich
115921 | Zig:23   | Killed an ancient lich
115940 | Zig:23   | Killed an ancient lich
115950 | Zig:23   | Paralysed by you for 7 turns
116011 | Zig:23   | Got a steaming jade amulet
116012 | Zig:23   | Identified the amulet of Gozag's Whim {Stasis Str+3} (You found it on level 23 of a ziggurat)
116016 | Zig:23   | Got a steaming lead ring
116017 | Zig:23   | Identified the cursed ring of Ru's Hope {rN+ EV-2 Dex+4} (You found it on level 23 of a ziggurat)
116211 | Zig:24   | Entered Level 24 of a ziggurat
116369 | Zig:24   | Reached skill level 27 in Axes
116369 | Zig:24   | Reached skill level 1 in Bows
116415 | Zig:24   | Reached skill level 5 in Bows
116466 | Zig:24   | Got a vibrating jade ring
116467 | Zig:24   | Identified the ring "Foedgh" {rN+ Str+2 Dex+3} (You found it on level 24 of a ziggurat)
116494 | Zig:24   | Got a warped brass ring
116495 | Zig:24   | Identified the ring of Polytheism {Fire +Blink rPois MR+ Str-3} (You found it on level 24 of a ziggurat)
116502 | Zig:24   | Got a shimmering platinum amulet
116503 | Zig:24   | Identified the amulet "Noxim Beopt" {Faith MR++ Int-3} (You found it on level 24 of a ziggurat)
116506 | Zig:24   | Got a glittering golden ring
116507 | Zig:24   | Identified the ring of Kamujaito {SustAt rPois MR+ Int+2} (You found it on level 24 of a ziggurat)
116511 | Zig:24   | Identified the Guide on Stones (You found it on level 24 of a ziggurat)
116520 | Zig:24   | Identified Ywamext's Volume of Conjuration and the Arsonist (You found it on level 24 of a ziggurat)
116524 | Zig:24   | Identified the Volume of Self-Knowledge and Ice (You found it on level 24 of a ziggurat)
116527 | Zig:24   | Identified Onaed's Lost Grimoire of the Archmage (You found it on level 24 of a ziggurat)
116537 | Zig:24   | Learned a level 8 spell: Discord
116542 | Zig:24   | Identified the Disquisition on Warped Clay (You found it on level 24 of a ziggurat)
116546 | Zig:24   | Identified the Catalogue of Snow (You found it on level 24 of a ziggurat)
116594 | Zig:25   | Entered Level 25 of a ziggurat
116612 | Zig:25   | Reached skill level 1 in Hexes
116613 | Zig:25   | Reached skill level 5 in Hexes
116614 | Zig:25   | Reached skill level 10 in Hexes
116620 | Zig:25   | Reached skill level 15 in Hexes
116690 | Zig:25   | Got a flickering tin ring
116691 | Zig:25   | Identified the ring "Ychuetra" {rElec rC- rN+ Str+4 Int+3} (You found it on level 25 of a ziggurat)
116697 | Zig:25   | Got a glittering granite ring
116698 | Zig:25   | Identified the ring "Faqisiypt" {MR+ Dex+3} (You found it on level 25 of a ziggurat)
116704 | Zig:25   | Got a transparent platinum ring
116705 | Zig:25   | Identified the ring "Ucvalaocuo" {Fire rN+++ Int+4 Slay-2 SInv} (You found it on level 25 of a ziggurat)
116926 | Zig:26   | Entered Level 26 of a ziggurat
116947 | Zig:26   | Reached skill level 10 in Stealth
116960 | Zig:26   | Reached skill level 15 in Stealth
117455 | Zig:27   | Entered Level 27 of a ziggurat
117467 | Zig:27   | Reached skill level 1 in Crossbows
117468 | Zig:27   | Reached skill level 5 in Crossbows
117473 | Zig:27   | Reached skill level 10 in Crossbows
117489 | Zig:27   | Noticed an ancient lich
117490 | Zig:27   | Noticed an ancient lich
117494 | Zig:27   | Noticed an ancient lich
117495 | Zig:27   | Killed an ancient lich
117496 | Zig:27   | Killed an ancient lich
117508 | Zig:27   | Killed an ancient lich
117619 | Zig:27   | Reached skill level 27 in Stealth
117637 | Zig:27   | Drew Focus: Int increased to 31, Str decreased to 4
117653 | Zig:27   | Got a heavily runed bone ring
117654 | Zig:27   | Identified the ring "Aridiw" {Ice Int+2} (You found it on level 27 of a ziggurat)
117667 | Zig:27   | Got a sparkling silver amulet
117668 | Zig:27   | Identified the amulet of Ydwas {rMut Dex+9 Slay-5} (You found it on level 27 of a ziggurat)
117717 | Pan      | Reached skill level 1 in Maces & Flails
117758 | Pan      | Entered the realm of Lom Lobon.
117811 | Pan      | Noticed Lom Lobon
117815 | Pan      | Killed Lom Lobon
117815 | Pan      | Reached skill level 5 in Maces & Flails
117838 | Pan      | Got a magical rune of Zot
117914 | Pan      | Found an exit through the horrors of the Abyss.
117929 | Pan      | Entered the realm of Cerebov.
117984 | Pan      | Noticed Cerebov
117989 | Pan      | Killed Cerebov
118133 | Pan      | Got a vibrating platinum amulet
118134 | Pan      | Identified the amulet "Siehiuxiu" {rCorr Int+3 Dex+4 Slay+3} (You found it in Pandemonium)
118137 | Pan      | Got a clouded granite ring
118138 | Pan      | Identified the ring "Fekuemuc" {+Blink Str+6 SInv} (You found it in Pandemonium)
118174 | Pan      | Got a fiery rune of Zot
118213 | Pan      | Reached skill level 10 in Maces & Flails
118249 | Pan      | Entered the realm of Gloorx Vloq.
118387 | Pan      | Noticed Gloorx Vloq
118390 | Pan      | Killed Gloorx Vloq
118412 | Pan      | Got a dark rune of Zot
118516 | Depths:3 | Escaped Pandemonium
118943 | Zot:5    | Noticed an ancient lich
118947 | Zot:5    | Killed an ancient lich
119022 | Zot:5    | Got the Orb of Zot
119046 | Zot:5    | Noticed Itidoin the pandemonium lord
119305 | Depths:4 | Noticed a seraph
119308 | Depths:4 | Killed a seraph
119442 | D:13     | Noticed Mereb the pandemonium lord
119722 | D:3      | Noticed a seraph
119724 | D:3      | Killed a seraph
119824 | D:1      | Noticed Qamemunu the pandemonium lord
119830 | D:1      | Killed Qamemunu the pandemonium lord
119849 | D:$      | Escaped with the Orb!

Action                   |  1- 3 |  4- 6 |  7- 9 | 10-12 | 13-15 | 16-18 | 19-21 | 22-24 | 25-27 || total
-------------------------+-------+-------+-------+-------+-------+-------+-------+-------+-------++-------
Melee: Unarmed           |    46 |    34 |       |       |       |       |       |       |       ||    80
       Dagger            |       |    27 |   203 |   629 |   197 |       |       |       |       ||  1056
       Flail             |       |       |       |       |   147 |    12 |       |       |       ||   159
       Staff             |       |       |       |       |   584 |   271 |    16 |    43 |   288 ||  1202
       Mace              |       |       |       |       |     1 |       |       |       |       ||     1
       Shillelagh        |       |       |       |       |       |       |       |       |    17 ||    17
       Demon blade       |       |       |       |       |       |       |       |       |     6 ||     6
Throw: Javelin           |       |       |       |       |       |       |       |       |     6 ||     6
 Cast: Flame Tongue      |    36 |    19 |    59 |   118 |    51 |       |       |       |       ||   283
       Conjure Flame     |       |     5 |     7 |    22 |    22 |     1 |       |       |       ||    57
       Sticky Flame      |       |     2 |    16 |    90 |   126 |    77 |    23 |     1 |       ||   335
       Fireball          |       |       |     2 |    14 |    25 |    27 |     6 |    23 |       ||    97
       Throw Flame       |       |       |       |    44 |    67 |    52 |     4 |     4 |       ||   171
       Poison Arrow      |       |       |       |    22 |    66 |    97 |    93 |   111 |    36 ||   425
       Iron Shot         |       |       |       |       |    26 |    57 |     5 |    78 |   995 ||  1161
       Poisonous Cloud   |       |       |       |       |    88 |    50 |    50 |       |       ||   188
       Regeneration      |       |       |       |       |     4 |     1 |       |     2 |    17 ||    24
       Bolt of Fire      |       |       |       |       |    12 |   337 |   482 |   358 |  1477 ||  2666
       Ignite Poison     |       |       |       |       |       |    26 |    16 |       |       ||    42
       Delayed Fireball  |       |       |       |       |       |     6 |     1 |     1 |       ||     8
       Sublimation of Bl |       |       |       |       |       |    18 |   146 |   242 |   769 ||  1175
       Fire Storm        |       |       |       |       |       |       |    24 |   120 |  1653 ||  1797
       Repel Missiles    |       |       |       |       |       |       |     1 |       |       ||     1
       Deflect Missiles  |       |       |       |       |       |       |       |     2 |       ||     2
       Blink             |       |       |       |       |       |       |       |       |    28 ||    28
       Glaciate          |       |       |       |       |       |       |       |       |  1238 ||  1238
       Tornado           |       |       |       |       |       |       |       |       |   312 ||   312
       Necromutation     |       |       |       |       |       |       |       |       |    98 ||    98
       Haste             |       |       |       |       |       |       |       |       |    91 ||    91
       Controlled Blink  |       |       |       |       |       |       |       |       |     8 ||     8
       Discord           |       |       |       |       |       |       |       |       |     6 ||     6
 Abil: Release Delayed F |       |       |       |       |       |     5 |     1 |       |       ||     6
       Evoke Flight      |       |       |       |       |       |     3 |       |       |     3 ||     6
       End Transformatio |       |       |       |       |       |       |       |       |    22 ||    22
       Evoke Blink       |       |       |       |       |       |       |       |       |     4 ||     4
       Evoke Invisibilit |       |       |       |       |       |       |       |       |     1 ||     1
Evoke: Wand              |       |       |       |     1 |     1 |     5 |     2 |     4 |    22 ||    35
       Staff of energy   |       |       |       |       |       |       |       |     6 |   964 ||   970
       Deck              |       |       |       |       |       |       |       |       |    71 ||    71
       Disc of storms    |       |       |       |       |       |       |       |       |    16 ||    16
       Crystal ball of e |       |       |       |       |       |       |       |       |    15 ||    15
  Use: Potion            |     7 |     1 |     5 |     7 |     8 |    10 |       |     4 |    83 ||   125
       Scroll            |     2 |     5 |    12 |    10 |    11 |    13 |     2 |    17 |   182 ||   254
 Stab: Sleeping          |       |     2 |     3 |    17 |    10 |     2 |       |       |       ||    34
       Invisible         |       |       |     2 |       |       |       |       |       |       ||     2
       Fleeing           |       |       |       |       |     1 |       |       |       |       ||     1
       Distracted        |       |       |       |       |       |     1 |       |       |     2 ||     3
  Eat: Chunk             |     2 |     3 |    10 |    35 |    60 |    63 |    24 |    17 |    12 ||   226
       Fruit             |       |     2 |       |       |    13 |    16 |     5 |     2 |     8 ||    46
       Royal jelly       |       |     1 |     1 |       |       |       |       |     4 |    11 ||    17
       Meat ration       |       |       |     1 |     1 |     2 |     2 |     1 |     5 |     6 ||    18
       Pizza             |       |       |       |     1 |     1 |       |     1 |     3 |     8 ||    14
       Beef jerky        |       |       |       |       |       |     1 |     1 |     3 |    22 ||    27
       Bread ration      |       |       |       |       |       |       |       |       |    16 ||    16
